 Dungeon Crawl Stone Soup version 0.30-b1-2-g02819fbbbe (webtiles) character file.

Game seed: 10541697315804836107

1981600 rinqtmith the Conqueror (level 27, 273/273 HPs)
             Began as a Minotaur Berserker on July 12, 2023.
             Was an Elder of Trog.
             Escaped with the Orb
             ... and 3 runes!
             The game lasted 03:02:12 (51318 turns).

rinqtmith the Conqueror (Minotaur Berserker)       Turns: 51318, Time: 03:02:13

Health: 273/273    AC: 42    Str: 38    XL:     27
Magic:  22/22      EV: 18    Int: 15    God:    Trog [****..]
Gold:   4396       SH: 29    Dex: 12    Spells: 26/26 levels left

rFire   + + +        a - +9 broad axe (heavy)
rCold   + + .        P - +8 tower shield {reflect}
rNeg    + . .        c - +7 gold dragon scales {rare}
rPois   +            (helmet unavailable)
rElec   +            M - -2 cloak of Fabulous Amelioration {rC+ rN+ Str+4 Int+3}
rCorr   +            G - +2 pair of gloves "Cufenner" {rF+++ Int+6}
SInv    +            i - +2 pair of boots {Fly}
Will    +++..        T - amulet of Vitality {RegenMP++ Regen++} Stlth
                     p - ring of Veadi {rElec rPois Will+ rCorr Int+2}
HPRegen 2.25/turn    r - ring of Gairu {rCorr Slay+2 SInv}
MPRegen 0.98/turn

%: reflection
@: flying, studying Fighting
A: horns 3, retaliatory headbutt, inability to drink after injury 1
0: Orb of Zot
}: 3/15 runes: barnacled, silver, gossamer
a: Renounce Religion, Berserk, Trog's Hand, Brothers in Arms


You escaped.
You worshipped Trog.
Trog was greatly pleased with you.
You visited 10 branches of the dungeon, and saw 50 of its levels.
You visited the Abyss 1 time.
You also visited: Sewer and Gauntlet.

You collected 13750 gold pieces.
You spent 9354 gold pieces at shops.


Innate Abilities, Weirdness & Mutations

You have a pair of large horns on your head.
You reflexively headbutt those who attack you in melee.
You occasionally lose the ability to drink potions when taking damage.


   Skills:
 O Level 27 Fighting
 - Level 18.0 Axes
 - Level 16.0 Throwing
 O Level 27 Armour
 O Level 27 Dodging
 + Level 21.5 Shields
 + Level 17.7 Evocations


You had 26 spell levels left.
You didn't know any spells.
Your spell library contained the following spells:

 Spells                   Type           Power      Damage    Failure   Level
 Apportation              Tloc           0%         N/A       80%         1
 Beastly Appendage        Tmut           0%         N/A       80%         1
 Kiss of Death            Conj/Necr      0%         2d5       80%         1
 Magic Dart               Conj           0%         1d3       80%         1
 Sandblast                Erth           0%         2d4       80%         1
 Slow                     Hex            0%         N/A       80%         1
 Sting                    Tmut/Pois      0%         1d3       80%         1
 Summon Small Mammal      Summ           0%         N/A       80%         1
 Blink                    Tloc           0%         N/A       90%         2
 Call Imp                 Summ           0%         N/A       90%         2
 Cigotuvi's Dreadful Rot  Necr/Pois/Air  0%         N/A       90%         2
 Ensorcelled Hibernation  Hex/Ice        0%         N/A       90%         2
 Lesser Beckoning         Tloc           0%         N/A       90%         2
 Momentum Strike          Conj/Tloc      0%         3d8       90%         2
 Passwall                 Tmut/Erth      0%         N/A       90%         2
 Poisonous Vapours        Pois/Air       0%         N/A       90%         2
 Scorch                   Fire           0%         2d5       90%         2
 Static Discharge         Conj/Air       0%         2-2/arc   90%         2
 Sublimation of Blood     Necr           0%         N/A       90%         2
 Wereblood                Tmut           0%         N/A       90%         2
 Call Canine Familiar     Summ           0%         N/A       99%         3
 Confusing Touch          Hex            0%         N/A       99%         3
 Gell's Gravitas          Tloc           0%         N/A       99%         3
 Ignite Poison            Fire/Tmut/Pois 0%         N/A       99%         3
 Inner Flame              Hex/Fire       0%         N/A       99%         3
 Mephitic Cloud           Conj/Pois/Air  0%         N/A       99%         3
 Portal Projectile        Hex/Tloc       0%         N/A       99%         3
 Spider Form              Tmut/Pois      0%         N/A       99%         3
 Stone Arrow              Conj/Erth      0%         3d7       99%         3
 Summon Guardian Golem    Hex/Summ       0%         N/A       99%         3
 Teleport Other           Tloc           0%         N/A       99%         3
 Vampiric Draining        Necr           0%         2d6       99%         3
 Vhi's Electric Charge    Tloc/Air       0%         N/A       99%         3
 Volatile Blastmotes      Fire/Tloc      0%         2d10      99%         3
 Airstrike                Air            0%         2d(0-16)  100%        4
 Anguish                  Hex/Necr       0%         N/A       100%        4
 Animate Armour           Summ/Erth      0%         N/A       100%        4
 Animate Dead             Necr           0%         N/A       100%        4
 Dispel Undead            Necr           0%         3d6       100%        4
 Flame Wave               Conj/Fire      0%         2d4       100%        4
 Ice Form                 Ice/Tmut       0%         N/A       100%        4
 Leda's Liquefaction      Hex/Erth       0%         N/A       100%        4
 Manifold Assault         Tloc           0%         N/A       100%        4
 Olgreb's Toxic Radiance  Pois           0%         N/A       100%        4
 Petrify                  Tmut/Erth      0%         N/A       100%        4
 Sticky Flame             Conj/Fire      0%         2d3       100%        4
 Summon Ice Beast         Ice/Summ       0%         N/A       100%        4
 Summon Lightning Spire   Summ/Air       0%         N/A       100%        4
 Alistair's Intoxication  Tmut/Pois      0%         N/A       100%        5
 Arcjolt                  Conj/Air       0%         1d10      100%        5
 Borgnjor's Vile Clutch   Necr/Erth      0%         N/A       100%        5
 Freezing Cloud           Conj/Ice/Air   0%         6-21      100%        5
 Metabolic Englaciation   Hex/Ice        0%         N/A       100%        5
 Summon Forest            Summ/Tloc      0%         N/A       100%        5
 Summon Mana Viper        Hex/Summ       0%         N/A       100%        5
 Yara's Violent Unravell  Hex/Tmut       0%         3d3       100%        5
 Dispersal                Tloc           0%         N/A       100%        6
 Eringya's Noxious Bog    Tmut/Pois      0%         N/A       100%        6
 Simulacrum               Ice/Necr       0%         N/A       100%        6
 Statue Form              Tmut/Erth      0%         N/A       100%        6
 Summon Cactus Giant      Summ           0%         N/A       100%        6
 Enfeeble                 Hex            0%         N/A       100%        7
 Haunt                    Necr/Summ      0%         N/A       100%        7
 Malign Gateway           Summ/Tloc      0%         N/A       100%        7
 Monstrous Menagerie      Summ           0%         N/A       100%        7
 Storm Form               Tmut/Air       0%         N/A       100%        7
 Summon Hydra             Summ           0%         N/A       100%        7
 Disjunction              Tloc           0%         N/A       100%        8
 Infestation              Necr           0%         N/A       100%        8
 Maxwell's Capacitive Co  Air            0%         ∞         100%        8
 Shatter                  Erth           0%         3d5*      100%        9

Inventory:

Hand Weapons
 a - a +9 heavy broad axe (weapon)
   (Trog gifted it to you on level 5 of the Lair of Beasts)
 b - a +9 broad axe of flaming
   (Trog gifted it to you on level 3 of the Elven Halls)
 w - a +2 antimagic broad axe
   (Trog gifted it to you on level 2 of the Elven Halls)
Missiles
 H - 19 javelins
 L - 17 silver javelins (quivered)
Armour
 c - +7 gold dragon scales (worn) {rare}
   (You found it on level 2 of the Depths)
 i - a +2 pair of boots of flying (worn)
   (You bought it in a shop on level 1 of the Orcish Mines)
 D - the +2 crystal plate armour of Vyor {rF+ rN+, rare}
   (You bought it in a shop on level 6 of the Dungeon)

   rF:        It protects you from fire.
   rN:        It protects you from negative energy.
 G - the +2 pair of gloves "Cufenner" (worn) {rF+++ Int+6}
   (You found it in a Gauntlet)

   Int:       It affects your intelligence (+6).
   rF:        It renders you almost immune to fire.
 M - the -2 cloak of Fabulous Amelioration (worn) {rC+ rN+ Str+4 Int+3}
   (You found it on level 1 of the Elven Halls)

   Str:       It affects your strength (+4).
   Int:       It affects your intelligence (+3).
   rC:        It protects you from cold.
   rN:        It protects you from negative energy.
 N - the +3 crown of Dyrovepreva {rElec Int+2 SInv}
   (You found it on level 3 of the Depths)

   Int:       It affects your intelligence (+2).
   rElec:     It insulates you from electricity.
   SInv:      It lets you see invisible.
 P - a +8 tower shield of reflection (worn)
   (You found it on level 2 of the Vaults)
Jewellery
 p - the ring of Veadi (left hand) {rElec rPois Will+ rCorr Int+2}
   (You bought it in a shop on level 4 of the Depths)

   [ring of resist corrosion]

   Int:       It affects your intelligence (+2).
   rElec:     It insulates you from electricity.
   rPois:     It protects you from poison.
   rCorr:     It protects you from acid and corrosion.
   Will:      It increases your willpower.
 r - the ring of Gairu (right hand) {rCorr Slay+2 SInv}
   (You found it on level 2 of the Realm of Zot)

   [ring of see invisible]

   Slay:      It affects your accuracy & damage with ranged weapons and melee
   (+2).
   SInv:      It lets you see invisible.
   rCorr:     It protects you from acid and corrosion.
 J - the ring of Sunlight {*Slow Fly rPois Will++ Slay+4}
   (You found it on level 1 of the Vaults)

   [ring of poison resistance]

   Slay:      It affects your accuracy & damage with ranged weapons and melee
   (+4).
   rPois:     It protects you from poison.
   Fly:       It grants you flight.
   *Slow:     It may slow you when you take damage.
   Will:      It greatly increases your willpower.
 T - the amulet of Vitality (around neck) {RegenMP++ Regen++}
   (You took it off a vampire mage on level 2 of the Crypt)

   [amulet of magic regeneration]

   It increases your rate of magic regeneration.
   Regen:     It increases your rate of health regeneration.
Wands
 l - a wand of digging (16)
   (You found it on level 6 of the Dungeon)
 m - a wand of mindburst (61)
   (You took it off Ijyb on level 3 of the Dungeon)
 n - a wand of roots (68)
   (You took it off Pikel on level 6 of the Dungeon)
 u - a wand of flame (89)
   (You found it on level 5 of the Lair of Beasts)
 y - a wand of acid (43)
   (You found it on level 10 of the Dungeon)
Scrolls
 e - 37 scrolls of teleportation {@r4}
 f - a scroll of summoning
 h - 12 scrolls of immolation {!r!r}
 o - 7 scrolls of magic mapping {!r}
 s - 9 scrolls of fear
 t - 4 scrolls of silence {!r}
 x - 9 scrolls of fog
 B - 18 scrolls of poison {!r}
 O - 4 scrolls of blinking {!r}
Potions
 d - 14 potions of flight
 g - 8 potions of cancellation
 j - 26 potions of curing {@q1}
 k - 7 potions of heal wounds {@q2}
 q - 6 potions of attraction {!q}
 A - 6 potions of lignification {!q}
 U - a potion of might
 V - 7 potions of ambrosia
Miscellaneous
 z - a lightning rod (4/4)
   (You found it on level 4 of the Spider Nest)

Dungeon Overview and Level Annotations

Branches:
Dungeon (15/15)            Temple (0/1) D:7            Lair (5/5) D:9
 Shoals (4/4) Lair:3       Spider (4/4) Lair:2        Slime (0/5) Lair:4
    Orc (2/2) D:10            Elf (3/3) Orc:2        Vaults (5/5) D:13
  Crypt (3/3) Vaults:2       Tomb (0/3) Crypt:3      Depths (4/4) D:15
    Zot (5/5) Depths:4      Sewer (visited)         Gauntlet (visited)

Altars:
Gozag
Kikubaaqudgha
Makhleb
Nemelex Xobeh
Okawaru
Vehumet
Xom
Yredelemnul
Zin
Jiyva

Shops:
D:5 *   D:6 [((   Orc:1 [   Orc:2 ?=![   Elf:1 :==   Elf:2 [!   Shoals:1 *
Shoals:2 [   Shoals:4 *(   Vaults:2 (   Vaults:3 ?   Vaults:5 =!**??!?!*?
Depths:1 *[((*   Depths:4 [[=*

Portals:
Hell: Depths:1 Depths:2 Depths:3 Depths:4
Abyss: Depths:1 Depths:3 Depths:4
Pandemonium: Depths:2
Ziggurat: Depths:3
Trove: Elf:3 (give 5 scrolls of blinking)

Annotations:
D:13 1 runed translucent door
Orc:1 1 runed translucent door, sand's ghost, journeyman HOFi

#########.#.###.#######...[#.####
...........................#.#
#########.............#.#..#.# #
#...♣♣♣♣♣♣♣♣♣.#.#..#.# #
#######..♣..PP..PP♣...#..#.####
##........♣...P..PP♣............
#.........♣P...PP..♣...#.##.####
#.........♣PP...P..♣...#.##.####
#.........♣..P.@.PP♣...#.)......
#.........♣..PP...P♣...#.##.####
##.#####..♣PP..P...♣........# #.#
#..♣PP..PP..♣...#.#### ###.#
##.♣♣♣♣♣♣♣♣♣......#
....######.............##.#
##........................#
.#.#######..#..........##.# ##.#
#..#..........##.#


There were no monsters in sight!


Message History

Haodemam completely resists.
The blast of lightning engulfs you! You resist.
The blast of lightning engulfs the ball lightning.
The ball lightning completely resists.
The blast of lightning engulfs the ball lightning.
The ball lightning completely resists.
The ball lightning explodes!
The blast of lightning engulfs the ball lightning.
The ball lightning completely resists.
The blast of lightning engulfs Haodemam.
Haodemam completely resists.
The blast of lightning engulfs you. You resist.
Haodemam hits you but does no damage.
You blink. 😕 HP[-9]
You take 9 damage, and now have 230/273 hp. 😕 HP[+3]
You regained 3 hp, and now have 233/273 hp.
Haodemam gestures at you. The bolt of energy hits you!!
The ball lightning explodes!
The blast of lightning engulfs you! You resist.
The blast of lightning engulfs Haodemam.
Haodemam completely resists. 😮 HP[-29]
You take 29 damage, and now have 204/273 hp.
Haodemam gestures. 3 ball lightnings come into view.
There is a stone staircase leading up here. 😕 HP[+4]
You regained 4 hp, and now have 208/273 hp.
The ball lightning explodes!
The blast of lightning engulfs you. You resist.
The blast of lightning engulfs Haodemam.
Haodemam completely resists.
The blast of lightning engulfs the ball lightning.
The ball lightning completely resists.
You fly upwards.
There is a stone staircase leading down here. 😕 HP[+6]
You regained 6 hp, and now have 214/273 hp. 😕 HP[+3]
You regained 3 hp, and now have 217/273 hp. 😕 HP[+3]
You regained 3 hp, and now have 220/273 hp.
You feel the effects of Trog's Hand fading. 😕 HP[+4]
You regained 4 hp, and now have 224/273 hp. 😕 HP[+3]
You regained 3 hp, and now have 227/273 hp. 😕 HP[+3]
You regained 3 hp, and now have 230/273 hp. 😕 HP[+3]
You regained 3 hp, and now have 233/273 hp. 😕 HP[+4]
You regained 4 hp, and now have 237/273 hp. 😕 HP[+3]
You regained 3 hp, and now have 240/273 hp.
Your skin stops crawling.
You feel less strong-willed. 😕 HP[+2]
You regained 2 hp, and now have 242/273 hp.
There is a stone staircase leading up here. 😕 HP[+2]
You regained 2 hp, and now have 244/273 hp.
You fly upwards.
There is a stone staircase leading down here. 😕 HP[+6]
You regained 6 hp, and now have 250/273 hp.
You feel a little less mighty now.
You see here a +0 whip.
There is an escape hatch in the ceiling here.
There is a stone staircase leading down here.
There is a stone staircase leading up here. 😎 HP[+23]
Your hp is fully restored (273).
You fly upwards.
There is a stone staircase leading down here.
There is a stone staircase leading up here.
You fly upwards.
There is a stone staircase leading down here.
A shadow demon comes into view.
The shadow demon gestures.
The shadow demon gestures.
You block the shadow demon's attack. You block the endoplasm's attack.
You hit the shadow demon.
You headbutt the shadow demon, but do no damage.
You slice the endoplasm like a ripe choko!!!
You kill the endoplasm!
The endoplasm dissolves into shadows!
The shadow demon hits you but does no damage.
You slice the shadow demon like a ripe choko!!!
Your headbutt misses the shadow demon. You block the shadow demon's attack.
You carve the shadow demon like a ham!!!
You kill the shadow demon!
Trog accepts your kill.
The goblin dissolves into shadows!
A red devil comes into view.
It is wielding a +2 demon trident of draining.
There is a stone staircase leading up here.
You fly upwards.
There is a stone staircase leading down here.
There is a staircase leading out of the dungeon here.
You have escaped!

Skill      XL: |  1  2  3  4  5  6  7  8  9 10 11 12 13 14 15 16 17 18 19 20 21 22 23 24 25 26 |
---------------+-------------------------------------------------------------------------------+-----
Fighting       | 4 5 6 7 9 10 12 13 14 15 17 18 19 20 21 23 24 25 27 | 27.0
Axes           | 4 5 6 8 9 10 12 13 14 15 16 17 18 | 18.0
Armour         | 3 4 5 6 7 9 10 11 13 14 15 17 18 19 20 21 22 23 24 26 27 | 27.0
Dodging        | 3 4 5 6 8 9 10 12 13 14 16 18 19 20 21 22 23 24 25 27 | 27.0
Shields        | 4 7 9 11 13 14 16 17 21 | 21.5
Throwing       | 2 7 11 15 16 | 16.0
Evocations     | 7 14 17 | 17.7

Action                     |  1- 3 |  4- 6 |  7- 9 | 10-12 | 13-15 | 16-18 | 19-21 | 22-24 | 25-27 || total
---------------------------+-------+-------+-------+-------+-------+-------+-------+-------+-------++-------
  Melee: Hand axe          |    70 |   115 |    98 |       |       |       |       |       |       ||   283
         Headbutt          |     5 |    25 |    39 |    56 |   215 |   428 |   340 |   366 |   209 ||  1683
         Punch             |     1 |     2 |     4 |       |       |       |       |       |       ||     7
         War axe           |       |       |    89 |       |       |       |       |       |       ||    89
         Broad axe         |       |       |    43 |   332 |   818 |  1552 |  1300 |  1151 |   728 ||  5924
         Demon whip        |       |       |       |       |    16 |       |       |       |       ||    16
  Throw: Javelin           |       |       |       |       |       |       |       |     4 |       ||     4
 Invoke: Berserk           |     2 |     1 |     5 |     4 |     4 |     6 |     5 |     3 |     3 ||    33
         Trog's Hand       |     1 |     1 |     4 |     5 |    10 |    13 |    18 |    11 |    15 ||    78
         Brothers in Arms  |       |       |       |       |     5 |     5 |     9 |     3 |     8 ||    30
  Evoke: Wand              |       |       |       |       |     3 |       |       |       |    10 ||    13
    Use: Scroll            |     2 |     4 |     7 |     4 |    17 |     2 |    14 |    14 |     5 ||    69
         Potion            |       |     1 |       |     1 |     7 |     8 |    11 |     4 |    22 ||    54
   Stab: Distracted        |       |       |     1 |     4 |     4 |       |     2 |     1 |     2 ||    14
         Petrified         |       |       |       |       |       |    12 |       |       |       ||    12
         Invisible         |       |       |       |       |       |       |       |       |     6 ||     6
 Armour: Ring mail         |    20 |     6 |       |       |       |       |       |       |       ||    26
         Animal skin       |     1 |       |       |       |       |       |       |       |       ||     1
         Scale mail        |       |    37 |    97 |       |       |       |       |       |       ||   134
         Plate armour      |       |       |    15 |   142 |   331 |   625 |       |       |       ||  1113
         Crystal plate arm |       |       |       |       |   231 |   493 |   485 |   323 |       ||  1532
         Gold dragon scale |       |       |       |       |       |       |       |   107 |   363 ||   470
  Dodge: Dodged            |    36 |    59 |   138 |   130 |   455 |   935 |   502 |   413 |   419 ||  3087
  Block: Kite shield       |       |       |       |    77 |   567 |  1023 |   467 |       |       ||  2134
         Tower shield      |       |       |       |       |       |       |   417 |  1317 |  1032 ||  2766
         Reflection        |       |       |       |       |       |       |    22 |    28 |    14 ||    64

Levels and vault maps discovered:
D:1:      scummos_arrival_checkerplants, layout_basic,
          shapermc_ecumenical_altar_gd, solitary_fountain
D:2:      layout_rooms, uniq_sigmund
D:3:      layout_loops_ring, portal_sewer_entry_b, minivault_25, uniq_ijyb,
          uniq_natasha
D:4:      layout_basic
D:5:      layout_rooms, grunt_temple_overflow_champion_of_chaos, serial_shops,
          shop_coins, st_stairs_6
D:6:      nicolae_cairo_tiling_large_dashed, layout_rooms, serial_shops,
          nicolae_shop_mannequins, nicolae_shop_real_fake_doors, shop,
          uniq_pikel, uniq_blork_the_orc, uniq_duvessa
D:7:      layout_rooms, minmay_temple_entry_sparse_star, uniq_prince_ribbit1
D:8:      layout_basic, uniq_joseph
D:9:      layout_big_octagon, grunt_temple_overflow_open,
          due_lair_maze_entry_diamond, serial_column_ruins,
          column_ruins_temple_hall, column_ruins_hut, column_ruins_open_small,
          column_ruins_open_tiny, column_ruins_open_large,
          column_ruins_columns_straight, column_ruins_grid_1,
          hangedman_decor_diamond_cutter, hangedman_abyss_or_decor_lesser_grid,
          uniq_erolcha
D:10:     layout_roguey, kennysheep_orc_monster_closet_entryway
D:11:     layout_cave_pools
D:12:     layout_long_grid, gauntlet_entry_generic, hive_lemuel, uniq_kirke
D:13:     layout_loops_corners, david_vaults_1, muffindrake_ghost_dual_entry,
          uniq_snorg
D:14:     layout_stronghold, nicolae_figureground_sparkle,
          hangedman_corner_corridor
D:15:     grunt_enter_depths_hoard, layout_cave_pods, serial_bayou_pond_c
Lair:1:   layout_chaotic_city, infiniplex_staircase_pool_2
Lair:2:   layout_hall_layers, hellmonk_spider_entry_not_the_bees, uniq_amaemon
Lair:3:   layout_gridlike, elwin_shoals_entry_rooms, lemuel_fruit_tree,
          uniq_urug
Lair:4:   layout_long_grid, dpeg_slime_entry_enclosed
Lair:5:   evilmike_catoblepas_cave, layout_regular_city, ldierk_geyser
Shoals:1: layout_shoals, nicolae_specific_store, st_sunken_huts, uniq_nikola
Shoals:2: layout_shoals, serial_shops, shop, nicolae_shoals_enchanted_isle
Shoals:3: layout_shoals, nicolae_shoals_pincushion_passage, uniq_polyphemus,
          uniq_roxanne, uniq_ilsuiw
Shoals:4: shoals_end_grunt_ice, layout_shoals, serial_shops,
          nicolae_diamond_shop, nicolae_shop_trees, lemuel_oklob_altar
Spider:1: layout_spider_delve, uniq_donald, uniq_louise
Spider:2: layout_spider_delve
Spider:3: spiders_nest_scorpion_pit
Spider:4: hellmonk_spider_rune_bug_friends, gammafunk_ghost_grave
Orc:1:    layout_caves, serial_shops, nicolae_square_shop, ebering_ghost_xom,
          uniq_erica
Orc:2:    st_orc_rangers, layout_caves, mines2_lemuel, uniq_saint_roka
Elf:1:    nicolae_elf_arrival_no_cutting_in_line, layout_gridlike,
          minmay_elf_demonology, lemuel_upstairs_altar, minmay_shop_grove
Elf:2:    nicolae_elf_blades_crystal_corner, layout_loops_ring, serial_shops,
          nicolae_shop_advertising_works [nicolae_subvault_shop_adworks], shop,
          kennysheep_underground_church, lemuel_elevator, uniq_asterion
Elf:3:    elf_hall, layout_loops_cross, enter_trove_0
Vaults:1: st_star, nicolae_vaults_more_shelving_2, v_pattern_2, v_misc_30,
          hangedman_vaults_slice, ontoclasm_vaults_spin,
          ontoclasm_vaults_misaligned, layout_vaults_maze_bifur
Vaults:2: v_misc_24, hangedman_vaults_impose, v_alt_pattern_3,
          vaults_dpeg_doors, nicolae_vaults_closet_pinwheel_5,
          minmay_crypt_entry_necro_gods, nicolae_vaults_six-pack,
          layout_vaults_omnigrid, serial_shops, nicolae_shop_tiny_waterfront
Vaults:3: nicolae_vaults_closet_pinwheel_1, hangedman_vaults_snaps,
          nicolae_vaults_closet_pinwheel_5, nicolae_vaults_heist,
          ontoclasm_vaults_gateway, ontoclasm_vaults_chip,
          hangedman_vaults_slice, layout_vaults_big_room, serial_shops,
          nicolae_shop_rolled_up
Vaults:4: grunt_vaults_bifocal, nicolae_vaults_cornered_office,
          nicolae_vaults_border_crossing, vaults_dpeg_spiral,
          vaults_mumra_hexcomb, nicolae_vaults_specimen_jars,
          grunt_vaults_hallway_short, ontoclasm_vaults_chip,
          nicolae_vaults_trapezoid_4, v_misc_15,
          nicolae_vaults_heart-shaped_vault, hangedman_vaults_slice,
          layout_vaults_ring
Vaults:5: uniq_frederick
Crypt:1:  layout_regular_city
Crypt:2:  layout_gridlike, serial_sigils_hangedman_gnaw, uniq_zenata
Crypt:3:  due_elkab, layout_chaotic_city
Depths:1: layout_gridville, grunt_hell_entry_dis_grunt, serial_shops, shop,
          abyss_entry, okawaru_altar_gauntlet_db, minmay_shoptagon
Depths:2: angbandy_vault, layout_basic, grunt_pan_entry_zigzag, hell_entry,
          nemelex_diamond_rough_becter, skrybe_limestone_x,
          kennysheep_generic_room_11, infiniplex_staircase_diamond,
          grunt_megastairs_3
Depths:3: minmay_the_grid_square_5x5_5x5_mashed [minmay_the_grid_square_5x5_tie,
          minmay_the_grid_square_5x5_minivault,
          minmay_the_grid_square_5x5_shuriken,
          minmay_the_grid_square_5x5_gyroscope,
          minmay_the_grid_square_5x5_bridge, minmay_the_grid_square_5x5_forky,
          minmay_the_grid_square_5x5_prize_monsterx,
          minmay_the_grid_square_5x5_almost_minimal,
          minmay_the_grid_square_5x5_prize_gold, minmay_the_grid_square_5x5_z,
          minmay_the_grid_square_5x5_three_small,
          minmay_the_grid_square_5x5_detours,
          minmay_the_grid_square_5x5_prize_deathbox,
          minmay_the_grid_square_5x5_eight_small,
          minmay_the_grid_square_5x5_inverted_slash,
          minmay_the_grid_square_5x5_checkered_sparse,
          minmay_the_grid_square_5x5_prize_waves,
          minmay_the_grid_square_5x5_two, minmay_the_grid_square_5x5_prize_open,
          minmay_the_grid_square_5x5_half_checkered,
          minmay_the_grid_square_5x5_n, minmay_the_grid_square_5x5_bracketed,
          minmay_the_grid_square_5x5_broken_cross,
          minmay_the_grid_square_5x5_six,
          minmay_the_grid_square_5x5_sharp_hourglass], layout_cave_pools,
          enter_ziggurat_b, abyss_entry, hell_entry, pandoras_box_mu,
          uniq_enchantress
Depths:4: evilmike_zot_entry_diamond, layout_basic, serial_shops,
          nicolae_square_shop, hangedman_abyss_entry_splay, lightli_too_deep,
          minmay_shop_star
Zot:1:    kennysheep_blocky_room, layout_gridlike
Zot:2:    gammafunk_dig_for_victory, layout_basic
Zot:3:    layout_concentric_octagons, lemuel_lake_of_fire
Zot:4:    layout_misc_corridors, grunt_megastairs_5
Zot:5:    layout_basic, grunt_ministairs_4, st_stairs_8

Notes
Turn   | Place    | Note
-------+----------+-------------------------------------------
     0 | D:1      | rinqtmith the Minotaur Berserker began the quest for the
                  | Orb.
     0 | D:1      | Reached XP level 1. HP: 19/19 MP: 0/0
     0 | D:1      | magus.rc [v1.11.6]
   279 | D:1      | Found a faded altar of an unknown god.
   284 | D:1      | Reached XP level 2. HP: 19/27 MP: 1/1
   557 | D:1      | Reached skill level 4 in Fighting
   557 | D:1      | Reached skill level 4 in Axes
   560 | D:1      | HP: 3/27 [gnoll/+0 flail (4)]
   565 | D:1      | Reached skill level 3 in Armour
   565 | D:1      | Reached XP level 3. HP: 3/33 MP: 2/2
   969 | D:2      | Reached ** piety under Trog
   995 | D:2      | You add the spells Sandblast, Passwall and Stone Arrow to
                  | your library.
  1085 | D:2      | Noticed Sigmund
  1100 | D:2      | Killed Sigmund
  1101 | D:2      | Reached skill level 5 in Axes
  1101 | D:2      | Reached skill level 4 in Armour
  1101 | D:2      | Reached skill level 3 in Dodging
  1101 | D:2      | Reached XP level 4. HP: 41/41 MP: 3/3
  1101 | D:2      | Reached XP level 5. HP: 47/47 MP: 4/4
  1456 | D:2      | Reached skill level 5 in Fighting
  1718 | D:3      | Found a glowing drain.
  1733 | Sewer    | Entered a sewer
  1743 | Sewer    | Reached XP level 6. HP: 53/56 MP: 5/5
  1824 | Sewer    | HP: 10/56 [kobold brigand/+0 short sword (6)]
  1826 | Sewer    | HP: 3/56 [kobold brigand/+0 short sword (8)]
  1829 | Sewer    | Reached skill level 4 in Dodging
  2020 | Sewer    | Found a white marble altar of Elyvilon.
  2219 | D:3      | Reached *** piety under Trog
  2486 | D:3      | Noticed Natasha
  2492 | D:3      | Killed Natasha
  2493 | D:3      | Reached skill level 5 in Armour
  2493 | D:3      | Reached XP level 7. HP: 62/62 MP: 6/6
  2542 | D:3      | You fall into a shaft and drop 3 floors!
  2564 | D:6      | Noticed Blork the orc
  2580 | D:6      | Killed Blork the orc
  2581 | D:6      | Reached skill level 6 in Fighting
  2581 | D:6      | Reached skill level 6 in Axes
  2606 | D:6      | Reached skill level 5 in Dodging
  2627 | D:6      | Noticed Dowan
  2635 | D:6      | Found Ramapusk's Weapon Emporium.
  2640 | D:6      | Noticed Duvessa
  2648 | D:6      | Killed Dowan
  2654 | D:6      | Killed Duvessa
  2666 | D:5      | Entered Level 5 of the Dungeon
  2671 | D:5      | Reached skill level 6 in Armour
  2677 | D:5      | Reached XP level 8. HP: 41/71 MP: 7/7
  3030 | D:3      | You add the spells Cigotuvi's Dreadful Rot, Ignite Poison
                  | and Freezing Cloud to your library.
  3037 | D:3      | Noticed Ijyb
  3042 | D:3      | Killed Ijyb
  3532 | D:4      | Reached skill level 7 in Fighting
  3532 | D:4      | Reached skill level 7 in Axes
  3692 | D:4      | You add the spells Sting, Poisonous Vapours and Olgreb's
                  | Toxic Radiance to your library.
  3870 | D:4      | Reached **** piety under Trog
  3964 | D:5      | Reached skill level 6 in Dodging
  4122 | D:5      | Reached skill level 7 in Armour
  4232 | D:5      | You add the spells Slow, Vampiric Draining and Confusing
                  | Touch to your library.
  4301 | D:5      | Found Peenej's Assorted Antiques.
  4375 | D:5      | Found a shimmering altar of Xom.
  4375 | D:5      | Found a burning altar of Makhleb.
  4607 | D:6      | Found Saebow's Weapon Shoppe.
  4607 | D:6      | Noticed a +0 lajatang
  4607 | D:6      | Noticed a +0 giant spiked club
  4623 | D:6      | Reached skill level 8 in Axes
  4623 | D:6      | Reached XP level 9. HP: 60/81 MP: 8/8
  4658 | D:6      | Reached skill level 8 in Fighting
  4730 | D:6      | Noticed Pikel
  4748 | D:6      | HP: 18/81 [Pikel/+0 whip of electrocution (17)]
  4749 | D:6      | Killed Pikel
  4750 | D:6      | Reached skill level 8 in Armour
  4750 | D:6      | Reached skill level 7 in Dodging
  4847 | D:6      | Found Vasuiti's Armour Emporium.
  4971 | D:6      | Bought a +0 broad axe for 56 gold pieces
  4999 | D:7      | Found a staircase to the Ecumenical Temple.
  5027 | D:7      | Noticed Prince Ribbit
  5039 | D:7      | Killed Prince Ribbit
  5116 | D:7      | Reached skill level 9 in Axes
  5183 | D:7      | Reached skill level 9 in Fighting
  5217 | D:7      | Reached skill level 8 in Dodging
  5262 | D:7      | You add the spells Ensorcelled Hibernation, Spider Form and
                  | Anguish to your library.
  5288 | D:7      | You add the spells Blink, Momentum Strike and Lesser
                  | Beckoning to your library.
  5391 | D:8      | Reached skill level 9 in Armour
  5391 | D:8      | Reached XP level 10. HP: 71/91 MP: 9/9
  5466 | D:8      | Identified the +5 dagger "Vumiroi" {drain, Fly rF+}
  5602 | D:8      | Noticed Joseph
  5610 | D:8      | Killed Joseph
  5902 | D:9      | Noticed Erolcha
  5908 | D:9      | Found a sparkling altar of Nemelex Xobeh.
  5916 | D:9      | Killed Erolcha
  5917 | D:9      | Reached skill level 10 in Fighting
  5917 | D:9      | Reached skill level 10 in Axes
  5920 | D:9      | Reached skill level 9 in Dodging
  5931 | D:9      | Found an opulent altar of Gozag.
  5956 | D:9      | Found a faded altar of an unknown god.
  5965 | D:9      | Noticed a two-headed ogre
  5975 | D:9      | Killed a two-headed ogre
  5976 | D:9      | Reached skill level 10 in Armour
  6081 | D:9      | Found an iron altar of Okawaru.
  6085 | D:9      | Found a radiant altar of Vehumet.
  6106 | D:9      | Reached ***** piety under Trog
  6147 | D:9      | Found a glowing silver altar of Zin.
  6400 | D:9      | Found a staircase to the Lair.
  6419 | D:9      | Reached XP level 11. HP: 93/101 MP: 10/10
  6460 | D:10     | Entered Level 10 of the Dungeon
  6470 | D:10     | Reached skill level 11 in Axes
  6477 | D:10     | Reached skill level 11 in Fighting
  6679 | D:10     | Found a staircase to the Orcish Mines.
  6699 | D:10     | Reached skill level 10 in Dodging
  6705 | D:10     | HP: 36/153 [troll (10)]
  6707 | D:10     | Reached skill level 11 in Armour
  6971 | D:10     | Noticed a two-headed ogre
  6975 | D:10     | Killed a two-headed ogre
  6976 | D:10     | Reached skill level 1 in Shields
  7148 | D:11     | Noticed a two-headed ogre
  7154 | D:11     | Reached skill level 2 in Shields
  7157 | D:11     | Killed a two-headed ogre
  7251 | D:11     | Noticed a skeletal warrior
  7251 | D:11     | Noticed a green ugly thing
  7252 | D:11     | Noticed a skeletal warrior
  7253 | D:11     | Noticed a skeletal warrior
  7253 | D:11     | Noticed a skeletal warrior
  7255 | D:11     | Noticed a skeletal warrior
  7260 | D:11     | Killed a green ugly thing
  7260 | D:11     | Killed a skeletal warrior
  7261 | D:11     | Reached skill level 3 in Shields
  7263 | D:11     | Killed a skeletal warrior
  7265 | D:11     | Reached skill level 12 in Fighting
  7265 | D:11     | Reached skill level 12 in Axes
  7268 | D:11     | Killed a skeletal warrior
  7270 | D:11     | Reached skill level 4 in Shields
  7270 | D:11     | Killed a skeletal warrior
  7270 | D:11     | Killed a skeletal warrior
  7271 | D:11     | Reached XP level 12. HP: 112/112 MP: 11/11
  7306 | D:11     | Reached skill level 11 in Dodging
  7310 | D:11     | Reached skill level 12 in Armour
  7712 | Lair:1   | Entered Level 1 of the Lair of Beasts
  7756 | Lair:1   | Identified the +5 executioner's axe of Trog's Scorn {flame,
                  | Will- Str+8 Dex-3 Stlth+} (Trog gifted it to you on level 1
                  | of the Lair of Beasts)
  7756 | Lair:1   | Received a gift from Trog
  7759 | Lair:1   | Reached skill level 5 in Shields
  7760 | Lair:1   | E - the +5 executioner's axe of Trog's Scorn {flame, Will-
                  | Str+8 Dex-3 Stlth+, rare}
  7761 | Lair:1   | You drop the +5 executioner's axe of Trog's Scorn {flame,
                  | Will- Str+8 Dex-3 Stlth+, rare}.
  7803 | Lair:1   | HP: 28/113 [rime drake (1)]
  7808 | Lair:1   | HP: 20/113 [poisoned by a black mamba]
  7813 | Lair:1   | HP: 21/113 [poisoned by a black mamba]
  8534 | Lair:2   | Reached skill level 6 in Shields
  8612 | Lair:2   | Reached skill level 13 in Fighting
  8612 | Lair:2   | Reached skill level 13 in Axes
  8631 | Lair:2   | Reached skill level 13 in Armour
  8633 | Lair:2   | Reached skill level 12 in Dodging
  8633 | Lair:2   | Reached skill level 7 in Shields
  8636 | Lair:2   | Reached XP level 13. HP: 108/122 MP: 12/12
  8636 | Lair:2   | Received a gift from Trog
  8647 | Lair:2   | You add the spells Summon Lightning Spire, Storm Form and
                  | Maxwell's Capacitive Coupling to your library.
  8650 | Lair:2   | You add the spells Gell's Gravitas and Teleport Other to
                  | your library.
  8723 | Lair:2   | You add the spells Apportation and Alistair's Intoxication
                  | to your library.
  8892 | Lair:2   | Found a hole to the Spider Nest.
  8963 | Lair:2   | Noticed Amaemon
  8976 | Lair:2   | Killed Amaemon
  9445 | Lair:3   | Reached skill level 8 in Shields
  9588 | Lair:3   | Noticed Urug
  9600 | Lair:3   | Killed Urug
  9857 | Lair:3   | Found a staircase to the Shoals.
 10214 | Lair:4   | Reached skill level 14 in Fighting
 10218 | Lair:4   | Reached skill level 14 in Axes
 10350 | Lair:4   | Found a viscous altar of Jiyva.
 10350 | Lair:4   | Found a staircase to the Slime Pits.
 10478 | Lair:4   | You add the spells Scorch, Flame Wave and Summon Cactus
                  | Giant to your library.
 10891 | Lair:5   | Entered Level 5 of the Lair of Beasts
 10903 | Lair:5   | Reached skill level 14 in Armour
 11008 | Lair:5   | Reached skill level 9 in Shields
 11017 | Lair:5   | You add the spells Vhi's Electric Charge and Arcjolt to
                  | your library.
 11151 | Lair:5   | Reached skill level 13 in Dodging
 11300 | Lair:5   | Received a gift from Trog
 11306 | Lair:5   | Reached XP level 14. HP: 118/133 MP: 13/13
 11870 | Lair:5   | Reached skill level 10 in Shields
 11876 | Lair:5   | Reached skill level 15 in Fighting
 12302 | D:12     | Found a gate leading to a gauntlet.
 12311 | Gauntlet | Entered a Gauntlet
 12311 | Gauntlet | Found a transporter.
 12311 | Gauntlet | Found a transporter.
 12320 | Gauntlet | Found a transporter.
 12330 | Gauntlet | Found a transporter.
 12345 | Gauntlet | Found a transporter.
 12355 | Gauntlet | Found a transporter.
 12370 | Gauntlet | Found a transporter.
 12372 | Gauntlet | Found a large runed translucent door.
 12373 | Gauntlet | Found a large runed translucent door.
 12374 | Gauntlet | Found a large runed translucent door.
 12374 | Gauntlet | Found a large runed translucent door.
 12375 | Gauntlet | Found a runed translucent gate.
 12376 | Gauntlet | Found a transporter.
 12376 | Gauntlet | Found a runed translucent gate.
 12377 | Gauntlet | Found a runed translucent gate.
 12378 | Gauntlet | Found a large runed translucent door.
 12378 | Gauntlet | Found a large runed translucent door.
 12379 | Gauntlet | Found a large runed translucent door.
 12380 | Gauntlet | Found a large runed translucent door.
 12390 | Gauntlet | Found a transporter.
 12391 | Gauntlet | Found a large runed translucent door.
 12391 | Gauntlet | Found a large runed translucent door.
 12391 | Gauntlet | Found a runed translucent door.
 12392 | Gauntlet | Found a large runed translucent door.
 12393 | Gauntlet | Found a large runed translucent door.
 12396 | Gauntlet | Found a transporter.
 12399 | Gauntlet | Found a transporter.
 12399 | Gauntlet | Found a transporter.
 12400 | Gauntlet | Found a runed translucent door.
 12402 | Gauntlet | Found a large runed translucent door.
 12402 | Gauntlet | Found a large runed translucent door.
 12403 | Gauntlet | Found a large runed translucent door.
 12404 | Gauntlet | Found a large runed translucent door.
 12550 | Gauntlet | Reached skill level 15 in Armour
 12566 | Gauntlet | You add the spell Wereblood to your library.
 12566 | Gauntlet | Got the Almanac of Teratogeny {forbidden}
 12572 | Gauntlet | Identified the amulet "Vimiewe Unitt" {RegenMP rElec MP+9
                  | Str+2}
 12605 | Gauntlet | Identified the +2 pair of gloves "Cufenner" {rF+++ Int+6}
 12735 | D:12     | Noticed Kirke
 12745 | D:12     | Killed Kirke
 12962 | D:12     | Reached skill level 14 in Dodging
 13651 | D:12     | Reached skill level 11 in Shields
 13734 | Orc:1    | Entered Level 1 of the Orcish Mines
 13852 | Orc:1    | Found Leteppub's Antique Armour Shop.
 13860 | Orc:1    | Bought a pair of embroidered boots for 270 gold pieces
 13918 | Orc:1    | Found a runed translucent door.
 13920 | Orc:1    | Found a shimmering altar of Xom.
 13920 | Orc:1    | Noticed sand's ghost (journeyman HOFi)
 13920 | Orc:1    | Noticed Erica
 13936 | Orc:1    | Killed Erica
 14310 | Orc:2    | Entered Level 2 of the Orcish Mines
 14311 | Orc:2    | Noticed Saint Roka
 14345 | Orc:2    | Killed Saint Roka
 14345 | Orc:2    | Received a gift from Trog
 14638 | Orc:2    | Found a staircase to the Elven Halls.
 14868 | Orc:2    | Found Wol Bisach's Jewellery Boutique.
 14868 | Orc:2    | Found Neczew's Distillery.
 14868 | Orc:2    | Found Uxupodex's Armour Shoppe.
 14881 | Orc:2    | Found Kocyscho's Magic Scroll Shop.
 14889 | Orc:2    | Reached XP level 15. HP: 140/143 MP: 14/14
 14918 | Orc:2    | Bought a potion of might for 44 gold pieces
 14918 | Orc:2    | Bought a potion of might for 44 gold pieces
 14918 | Orc:2    | Bought a potion of mutation for 88 gold pieces
 14925 | Orc:2    | Bought a scroll of identify for 24 gold pieces
 14925 | Orc:2    | Bought a scroll of identify for 24 gold pieces
 14925 | Orc:2    | Bought a scroll of identify for 24 gold pieces
 15188 | D:6      | Bought the +2 crystal plate armour of Vyor {rF+ rN+} for
                  | 1479 gold pieces
 15188 | D:6      | D - the +2 crystal plate armour of Vyor {rF+ rN+, rare}
 15198 | D:6      | You finish putting on the +2 crystal plate armour of Vyor
                  | {rF+ rN+, rare}.
 15414 | D:13     | Found a gate to the Vaults.
 15429 | D:13     | Reached skill level 16 in Fighting
 15751 | D:13     | Found a runed translucent door.
 15751 | D:13     | Noticed a frost giant
 15752 | D:13     | Noticed a lich
 15756 | D:13     | Noticed Leinaam's ghost (journeyman MiBe)
 15760 | D:13     | Found a runed translucent door.
 15978 | D:13     | Reached skill level 16 in Armour
 16008 | D:13     | Identified a scroll of acquirement
 16009 | D:13     | Acquired a manual of Dodging
 16157 | D:13     | Noticed Snorg
 16166 | D:13     | Killed Snorg
 16167 | D:13     | Reached skill level 12 in Shields
 16286 | D:13     | Identified the +1 dagger of Calculation {speed, rPois
                  | rCorr}
 16487 | D:13     | Killed a lich
 16496 | D:13     | Reached skill level 15 in Dodging
 16501 | D:13     | Killed Leinaam's ghost
 16510 | D:13     | Killed a frost giant
 18005 | D:15     | Entered Level 15 of the Dungeon
 18084 | D:15     | Identified the +11 long sword of the Sky {flame, rElec
                  | Will- SInv}
 18158 | D:15     | Reached skill level 16 in Dodging
 18162 | D:15     | Reached skill level 13 in Shields
 18256 | D:15     | Reached skill level 17 in Fighting
 18645 | D:15     | Reached skill level 17 in Armour
 18669 | D:15     | Found a staircase to the Depths.
 19090 | Shoals:1 | Entered Level 1 of the Shoals
 19170 | Shoals:1 | Reached XP level 16. HP: 155/155 MP: 15/15
 19177 | Shoals:1 | Noticed Nikola
 19192 | Shoals:1 | Killed Nikola
 19435 | Shoals:1 | Reached skill level 17 in Dodging
 19919 | Shoals:1 | Reached skill level 14 in Shields
 19951 | Shoals:1 | You add the spell Beastly Appendage to your library.
 20147 | Shoals:1 | Found Zium's General Store.
 20151 | Shoals:1 | Found Baodoyp's Specific Store.
 20155 | Shoals:1 | Bought a potion of curing for 51 gold pieces
 20159 | Shoals:1 | Bought 2 potions of curing for 108 gold pieces
 20168 | Shoals:1 | You add the spells Summon Small Mammal, Call Canine
                  | Familiar and Summon Guardian Golem to your library.
 20300 | Shoals:2 | Identified the +3 dagger "Kuthrumo" {antimagic, Dex+3}
 20409 | Shoals:2 | Reached ****** piety under Trog
 20630 | Shoals:2 | Found Zagg's Armour Boutique.
 20786 | Shoals:2 | Acquired the +1 hat of Bedevilment {+Blink Regen+ rCorr
                  | Dex-2}
 20895 | Shoals:2 | a centaur comes into view. It is wielding the +11 plutonium
                  | sword {Contam Stlth-} and carrying a wand of charming (3).
 20921 | Shoals:2 | Reached skill level 15 in Axes
 20938 | Shoals:2 | You add the spells Manifold Assault, Dispersal and
                  | Disjunction to your library.
 20940 | Shoals:2 | You add the spells Inner Flame, Yara's Violent Unravelling
                  | and Enfeeble to your library.
 21211 | Shoals:3 | Reached skill level 18 in Dodging
 21255 | Shoals:3 | Reached skill level 18 in Fighting
 21284 | Shoals:3 | Received a gift from Trog
 21298 | Shoals:3 | E - a +2 heavy executioner's axe {rare}
 21299 | Shoals:3 | You drop a +2 heavy executioner's axe {rare}.
 21426 | Shoals:3 | Noticed Ilsuiw
 21442 | Shoals:3 | Reached skill level 18 in Armour
 21466 | Shoals:3 | Killed Ilsuiw
 21829 | Shoals:3 | Reached XP level 17. HP: 122/165 MP: 16/16
 21997 | Shoals:3 | You add the spells Static Discharge and Airstrike to your
                  | library.
 22132 | Shoals:3 | Noticed Roxanne
 22173 | Shoals:3 | Killed Roxanne
 22175 | Shoals:3 | You add the spells Petrify, Metabolic Englaciation and
                  | Statue Form to your library.
 22196 | Shoals:3 | Noticed Polyphemus
 22219 | Shoals:3 | Killed Polyphemus
 22397 | Shoals:4 | Entered Level 4 of the Shoals
 22469 | Shoals:4 | Reached skill level 15 in Shields
 22592 | Shoals:4 | Identified the staff of fire "Coinacopp" {rF+ rN+}
 22688 | Shoals:4 | Identified the staff of poison "Qosmepy" {rPois rC+ Int+5
                  | Dex+3}
 22793 | Shoals:4 | You add the spells Volatile Blastmotes and Ice Form to your
                  | library.
 22793 | Shoals:4 | Got the Grimoire of Evolved Hyperthermia {forbidden}
 22816 | Shoals:4 | Found Zeaphof's General Store.
 22833 | Shoals:4 | Bought a scroll of enchant armour for 105 gold pieces
 22846 | Shoals:4 | Found a shimmering altar of Xom.
 22905 | Shoals:4 | Reached skill level 19 in Dodging
 22926 | Shoals:4 | Got a barnacled rune of Zot
 23179 | Shoals:4 | Found Tace's Weapon Boutique.
 23277 | Shoals:4 | Reached skill level 16 in Axes
 23594 | Shoals:4 | Noticed a kraken
 23602 | Shoals:4 | Killed a kraken
 23671 | Shoals:4 | Bought a +1 plate armour of poison resistance for 448 gold
                  | pieces
 23676 | Shoals:4 | You finish taking off the +2 crystal plate armour of Vyor
                  | {rF+ rN+, rare}.
 23859 | Spider:1 | Entered Level 1 of the Spider Nest
 23867 | Spider:1 | Received a gift from Trog
 23951 | Spider:1 | Noticed Donald
 23975 | Spider:1 | Killed Donald
 24095 | Spider:1 | Noticed Louise
 24109 | Spider:1 | Killed Louise
 24235 | Spider:1 | You add the spell Sticky Flame to your library.
 24377 | Spider:1 | Reached skill level 19 in Fighting
 24557 | Spider:1 | a +0 double sword of draining {rare}; a +0 plate armour; a
                  | +0 kite shield
 24625 | Spider:1 | a +0 double sword of draining {rare}; a +0 plate armour; a
                  | +0 kite shield
 24734 | Spider:2 | You add the spells Magic Dart, Call Imp and Mephitic Cloud
                  | to your library.
 24792 | Spider:2 | Gained mutation: You occasionally shout uncontrollably at
                  | your foes. [mutagenic glow]
 24852 | Spider:2 | Lost mutation: You occasionally shout uncontrollably at
                  | your foes. [potion of mutation]
 24852 | Spider:2 | Gained mutation: You have a somewhat thin skeletal
                  | structure. (Dex +2, Stealth+) [potion of mutation]
 24896 | Spider:2 | Reached skill level 19 in Armour
 24983 | Spider:2 | Reached skill level 16 in Shields
 25201 | Spider:3 | Reached XP level 18. HP: 176/176 MP: 17/17
 25827 | Spider:4 | Entered Level 4 of the Spider Nest
 25944 | Spider:4 | Received a gift from Trog
 25945 | Spider:4 | Reached skill level 17 in Axes
 26074 | Spider:4 | Reached skill level 20 in Dodging
 26729 | Spider:4 | Gained mutation: Your spells are a little easier to cast,
                  | but a little less powerful. [mutagenic glow]
 26816 | Spider:4 | Reached skill level 20 in Fighting
 26875 | Spider:4 | Identified the +1 hat of Pandemonium {Fly rF+ Stlth+}
 26896 | Spider:4 | Got a gossamer rune of Zot
 26994 | Spider:4 | Found a runed translucent door.
 26997 | Spider:4 | Noticed Vorhees's ghost (adept AtAr)
 27201 | Spider:4 | Killed Vorhees's ghost
 27228 | Spider:4 | You finish putting on the +2 crystal plate armour of Vyor
                  | {rF+ rN+, rare}.
 27318 | Spider:1 | a +0 kite shield; a +0 plate armour; a +0 double sword of
                  | draining {rare}
 27450 | Elf:1    | Entered Level 1 of the Elven Halls
 27472 | Elf:1    | Reached skill level 20 in Armour
 27564 | Elf:1    | You add the spells Borgnjor's Vile Clutch and Eringya's
                  | Noxious Bog to your library.
 27590 | Elf:1    | Noticed a Brimstone Fiend
 27691 | Elf:1    | Received a gift from Trog
 27695 | Elf:1    | Reached XP level 19. HP: 186/187 MP: 18/18
 27728 | Elf:1    | You add the spells Animate Armour and Summon Forest to your
                  | library.
 27728 | Elf:1    | Got Sif Muna's Atlas of Mustering {forbidden}
 27772 | Elf:1    | Reached skill level 18 in Axes
 28021 | Elf:1    | Identified the -2 cloak of Fabulous Amelioration {rC+ rN+
                  | Str+4 Int+3}
 28348 | Elf:1    | Found Pepoisi's Book Emporium.
 28348 | Elf:1    | Found Hesaing's Jewellery Boutique.
 28349 | Elf:1    | Found Tomeq's Jewellery Boutique.
 28355 | Elf:1    | Bought a ring of poison resistance for 340 gold pieces
 28457 | Elf:2    | Found Komm's Antique Armour Shoppe.
 28460 | Elf:2    | Paralysed by an air elemental for 1 turns
 28485 | Elf:2    | Found Weczint's Distillery.
 28490 | Elf:2    | Paralysed by an air elemental for 1 turns
 28501 | Elf:2    | Bought a potion of curing for 36 gold pieces
 28501 | Elf:2    | Bought a potion of heal wounds for 60 gold pieces
 28501 | Elf:2    | Bought a potion of curing for 36 gold pieces
 28501 | Elf:2    | Bought a potion of invisibility for 96 gold pieces
 28510 | Elf:2    | Noticed Asterion
 28523 | Elf:2    | Killed Asterion
 28536 | Elf:2    | Identified the ring "Qoble" {rCorr Dex+6 Stlth+}
 28669 | Elf:2    | Reached skill level 21 in Dodging
 28975 | Elf:2    | Received a gift from Trog
 29063 | Elf:2    | Found a runed translucent gate.
 29064 | Elf:2    | Found a runed translucent gate.
 29064 | Elf:2    | Found a runed translucent gate.
 29193 | Elf:2    | Reached skill level 21 in Fighting
 29223 | Elf:2    | Reached skill level 21 in Armour
 29248 | Elf:2    | HP: 46/189 [something (12)]
 29488 | Elf:2    | a +0 vampiric executioner's axe {rare}; a +0 long sword; a
                  | +0 ring mail
 29728 | Elf:3    | Entered Level 3 of the Elven Halls
 30010 | Elf:3    | Found a portal to a secret trove of treasure.
 30043 | Elf:3    | Received a gift from Trog
 30118 | Elf:3    | This trove needs 5 scrolls of blinking to function. Give it
                  | the items?
 30417 | Elf:3    | Identified the ring "Erho" {rF+ Will- Str+6}
 30487 | Elf:3    | Identified the ring "Nuipt" {Ice Will++ Dex-2}
 30491 | Elf:3    | Identified the +5 trident "Weob" {holy, Fragile Int+9}
 30542 | Elf:3    | You are cast into the Abyss!
 30542 | Abyss:3  | Cast into level 3 of the Abyss (a deep elf sorcerer)
 30581 | Abyss:3  | Found a corrupted altar of Lugonu.
 30615 | Abyss:3  | Noticed a bone dragon
 30630 | Abyss:3  | Found a corrupted altar of Lugonu.
 30653 | Abyss:3  | Killed a bone dragon
 30654 | Abyss:3  | Reached XP level 20. HP: 178/199 MP: 19/19
 30719 | Abyss:3  | Noticed a bone dragon
 30735 | Abyss:3  | Killed a bone dragon
 30776 | Abyss:3  | Reached skill level 22 in Fighting
 30792 | Abyss:3  | Reached skill level 22 in Dodging
 30800 | Elf:3    | You pass through the gate.
 30800 | Elf:3    | Escaped the Abyss
 30834 | Elf:3    | Identified the +11 short sword "Ogreslayer" {heavy, rPois
                  | rC++ Str-3 Int+2}
 30837 | Elf:3    | Identified the +6 long sword of Ippat Eti {antimagic,
                  | Contam rPois rCorr}
 30851 | Elf:3    | Reached skill level 22 in Armour
 30852 | Elf:3    | Identified the ring "Geil Vao" {rPois rC- Str+4 Int+6}
 31313 | Elf:3    | You add the spells Sublimation of Blood and Summon Hydra to
                  | your library.
 31321 | Elf:3    | You add the spells Leda's Liquefaction and Malign Gateway
                  | to your library.
 31321 | Elf:3    | Got Xesh's Grimoire of the Akashic Fault {forbidden}
 31323 | Elf:3    | Identified the staff of conjuration "Liuqoocw" {Str+3}
 31325 | Elf:3    | Identified the staff of cold "Dugi Viq" {rC+ Int+3}
 31677 | Vaults:1 | Entered Level 1 of the Vaults
 31721 | Vaults:1 | Identified the +2 broad axe of Responsibility {flame,
                  | *Noise +Blink rC+ SInv} (Trog gifted it to you on level 1
                  | of the Vaults)
 31721 | Vaults:1 | Received a gift from Trog
 32166 | Vaults:1 | Identified the ring of Sunlight {*Slow Fly rPois Will++
                  | Slay+4}
 32343 | Vaults:1 | Reached skill level 1 in Throwing
 32736 | Vaults:2 | Reached skill level 2 in Throwing
 32929 | Vaults:2 | Found Wogeam's Antique Weapon Boutique.
 33095 | Vaults:2 | Reached skill level 23 in Fighting
 33202 | Vaults:2 | Found a staircase to the Crypt.
 33202 | Vaults:2 | Found a basalt altar of Yredelemnul.
 33203 | Vaults:2 | Found an ancient bone altar of Kikubaaqudgha.
 33539 | Vaults:2 | Reached XP level 21. HP: 204/211 MP: 20/20
 33541 | Vaults:2 | Received a gift from Trog
 33542 | Vaults:2 | Reached skill level 3 in Throwing
 33612 | Vaults:2 | Reached skill level 23 in Armour
 34094 | Vaults:3 | Reached skill level 23 in Dodging
 34192 | Vaults:3 | Reached skill level 4 in Throwing
 34640 | Vaults:3 | Identified the ring of Departure {rElec rF+}
 34832 | Vaults:3 | Reached skill level 5 in Throwing
 34873 | Vaults:3 | Found Racutac's Magic Scroll Shoppe.
 34876 | Vaults:3 | Bought a scroll of magic mapping for 90 gold pieces
 34876 | Vaults:3 | Bought a scroll of enchant armour for 90 gold pieces
 35244 | Vaults:4 | Received a gift from Trog
 35268 | Vaults:4 | S - a +2 antimagic triple sword {rare}
 35269 | Vaults:4 | You drop a +2 antimagic triple sword {rare}.
 35604 | Vaults:4 | Reached skill level 6 in Throwing
 36020 | Crypt:1  | Entered Level 1 of the Crypt
 36025 | Crypt:1  | Received a gift from Trog
 36273 | Crypt:1  | Noticed a curse skull
 36279 | Crypt:1  | Killed a curse skull
 36826 | Crypt:2  | Noticed Zenata
 36894 | Crypt:1  | Killed Zenata
 36895 | Crypt:1  | Reached skill level 7 in Throwing
 36896 | Crypt:1  | a +2 triple sword {rare}; a +0 ring mail; the human corpse
                  | of Zenata
 36912 | Crypt:2  | Reached skill level 24 in Fighting
 37024 | Crypt:2  | Received a gift from Trog
 37096 | Crypt:2  | Reached XP level 22. HP: 221/222 MP: 21/21
 37099 | Crypt:2  | Reached skill level 24 in Armour
 37480 | Crypt:2  | a vampire mage comes into view. It is wearing the amulet of
                  | Vitality {RegenMP++ Regen++}.
 37642 | Crypt:3  | Entered Level 3 of the Crypt
 37694 | Crypt:3  | Reached skill level 8 in Throwing
 37718 | Crypt:3  | Found a staircase to the Tomb.
 37749 | Crypt:3  | Noticed a curse skull
 37758 | Crypt:3  | Killed a curse skull
 37789 | Crypt:3  | Noticed a curse skull
 37791 | Crypt:3  | Received a gift from Trog
 37796 | Crypt:3  | Killed a curse skull
 37942 | Crypt:3  | Reached skill level 24 in Dodging
 38011 | Crypt:3  | Acquired a manual of Throwing
 38408 | Crypt:3  | Noticed a curse skull
 38414 | Crypt:3  | Killed a curse skull
 38418 | Crypt:3  | Reached skill level 9 in Throwing
 38849 | Crypt:3  | Noticed a curse toe
 38862 | Crypt:3  | Killed a curse toe
 39018 | Crypt:3  | Received a gift from Trog
 39041 | Crypt:3  | You add the spells Kiss of Death and Dispel Undead to your
                  | library.
 39175 | Crypt:3  | Reached skill level 10 in Throwing
 39311 | Crypt:3  | Noticed a dread lich
 39321 | Crypt:3  | Killed a dread lich
 39343 | Crypt:3  | Found the +8 demon trident "Rift" {distort, reach+}
 39351 | Crypt:3  | Identified the ring of Wacul Sisu {Fly rF+}
 39387 | Crypt:3  | Identified the staff of fire "Apsuacut" {rF+ rC+}
 39744 | Depths:1 | Entered Level 1 of the Depths
 39772 | Depths:1 | Found Repeh's Antique Weapon Boutique.
 39772 | Depths:1 | Found Xoibb's Armour Shop.
 39773 | Depths:1 | Found Voupt's Assorted Antiques.
 39777 | Depths:1 | Bought a scroll of acquirement for 2132 gold pieces
 39777 | Depths:1 | Acquired 809 gold pieces
 39780 | Depths:1 | Found Nenac's Antique Weapon Boutique.
 39944 | Depths:1 | Found Juliwoxu's Assorted Antiques.
 39952 | Depths:1 | Bought a potion of heal wounds for 230 gold pieces
 39992 | Depths:1 | Reached skill level 25 in Fighting
 40032 | Depths:1 | Found a one-way gate to the infinite horrors of the Abyss.
 40108 | Depths:1 | Reached skill level 11 in Throwing
 40294 | Depths:1 | Found a gateway to Hell.
 40460 | Depths:1 | Found an iron altar of Okawaru.
 40463 | Depths:1 | Received a gift from Trog
 40613 | Depths:2 | Reached XP level 23. HP: 234/234 MP: 22/22
 40616 | Depths:2 | Reached skill level 25 in Armour
 40704 | Depths:2 | Reached skill level 12 in Throwing
 40830 | Depths:2 | Found a one-way gate leading to the halls of Pandemonium.
 40877 | Depths:2 | You add the spell Portal Projectile to your library.
 40996 | Depths:2 | Found a sparkling altar of Nemelex Xobeh.
 41221 | Depths:2 | Noticed a juggernaut
 41226 | Depths:2 | Killed a juggernaut
 41226 | Depths:2 | Received a gift from Trog
 41257 | Depths:2 | Identified the +6 long sword "Zaerov" {venom, Dex+3}
 41303 | Depths:2 | Reached skill level 26 in Fighting
 41321 | Depths:2 | Reached skill level 13 in Throwing
 41507 | Depths:2 | Reached skill level 25 in Dodging
 41535 | Depths:2 | Identified the ring "Cacw" {rPois Int+6 Stlth+}
 41539 | Depths:2 | Identified the +2 glaive of Ekaupri {antimagic, rElec rF++
                  | Dex+5}
 41850 | Depths:3 | Noticed a caustic shrike
 41858 | Depths:3 | Killed a caustic shrike
 41880 | Depths:3 | Received a gift from Trog
 41886 | Depths:3 | Noticed a juggernaut
 41888 | Depths:3 | Reached skill level 14 in Throwing
 41888 | Depths:3 | Noticed a caustic shrike
 41892 | Depths:3 | Killed a juggernaut
 41901 | Depths:2 | Killed a caustic shrike
 42003 | Depths:2 | Identified +0 gold dragon scales
 42005 | Depths:2 | +0 gold dragon scales {rare}; 3 large rocks {=f}; a golden
                  | dragon corpse
 42005 | Depths:2 | c - +0 gold dragon scales {rare}
 42007 | Depths:2 | your +0 gold dragon scales {rare} glow green for a moment.
 42008 | Depths:2 | your +1 gold dragon scales {rare} glow green for a moment.
 42011 | Depths:3 | Noticed a juggernaut
 42014 | Depths:2 | Reached skill level 27 in Fighting
 42033 | Depths:2 | Killed a juggernaut
 42097 | Depths:2 | Reached skill level 15 in Throwing
 42097 | Depths:2 | Reached skill level 26 in Armour
 42213 | Depths:3 | Paralysed by a floating eye for 3 turns
 42222 | Depths:2 | Reached XP level 24. HP: 249/249 MP: 22/22
 42233 | Depths:2 | Received a gift from Trog
 42276 | Depths:3 | your +2 gold dragon scales {rare} glow green for a moment.
 42277 | Depths:3 | your +3 gold dragon scales {rare} glow green for a moment.
 42305 | Depths:3 | You are sucked into a shaft and drop 1 floor!
 42305 | Depths:4 | Entered Level 4 of the Depths
 42338 | Depths:4 | Found Felon's General Store.
 42342 | Depths:4 | Found Eprae's Jewellery Shop.
 42343 | Depths:4 | Found Bynup's Armour Boutique.
 42406 | Depths:4 | your +4 gold dragon scales {rare} glow green for a moment.
 42556 | Depths:3 | Found the crystal ball of Wucad Mu {*channel}
 42557 | Depths:3 | You add the spells Summon Ice Beast, Summon Mana Viper and
                  | Monstrous Menagerie to your library.
 42616 | Depths:3 | Noticed the Enchantress
 42616 | Depths:3 | the Enchantress comes into view. She is wielding a +0 flail
                  | of protection, wearing the +2 faerie dragon scales {rCorr
                  | Str+2} and wearing a +2 buckler of protection.
 42645 | Depths:3 | Killed the Enchantress
 42706 | Depths:3 | Found the +3 crown of Dyrovepreva {rElec Int+2 SInv}
 42829 | Depths:2 | a +0 buckler; a +0 robe; a +2 quick blade of flaming {rare}
 42839 | Depths:2 | You finish taking off the +2 crystal plate armour of Vyor
                  | {rF+ rN+, rare}.
 42844 | Depths:2 | You finish putting on your +5 gold dragon scales {rare}.
 42845 | Depths:2 | a +0 buckler; a +0 robe; a +2 quick blade of flaming {rare}
 43013 | Depths:3 | Found a one-way gateway to a ziggurat.
 43062 | Depths:3 | Found a runed translucent gate.
 43063 | Depths:3 | Found a runed translucent gate.
 43063 | Depths:3 | Found a runed translucent gate.
 43234 | Depths:3 | Reached skill level 16 in Throwing
 43250 | Depths:3 | Acquired 857 gold pieces
 43321 | Depths:4 | Received a gift from Trog
 43335 | Depths:4 | quicksilver dragon scales {rare}; a quicksilver dragon
                  | corpse
 43337 | Depths:4 | quicksilver dragon scales {rare}; a quicksilver dragon
                  | corpse
 43393 | Depths:4 | Found Umujoch's Antique Armour Emporium.
 43412 | Depths:4 | Bought a runed cloak for 247 gold pieces
 43504 | Depths:4 | Reached skill level 26 in Dodging
 43561 | Depths:4 | Found a gate to the Realm of Zot.
 43902 | Depths:4 | your +5 gold dragon scales {rare} glow green for a moment.
 44069 | Depths:4 | Identified the +6 mace of Zaheall {flame, Contam rPois
                  | Int+4}
 44416 | D:5      | Bought a scroll of blinking for 247 gold pieces
 44754 | Vaults:5 | Entered Level 5 of the Vaults
 44763 | Vaults:5 | Reached skill level 27 in Armour
 44770 | Vaults:5 | Received a gift from Trog
 44773 | Vaults:5 | Noticed Frederick
 44789 | Vaults:5 | Killed Frederick
 44797 | Vaults:5 | Reached skill level 27 in Dodging
 44799 | Vaults:5 | Reached skill level 1 in Evocations
 44802 | Vaults:5 | Reached skill level 2 in Evocations
 44807 | Vaults:5 | Reached skill level 3 in Evocations
 44860 | Vaults:5 | Reached skill level 4 in Evocations
 44942 | Vaults:5 | Reached skill level 5 in Evocations
 44981 | Vaults:5 | Noticed an ancient lich
 44987 | Vaults:5 | Reached skill level 6 in Evocations
 44991 | Vaults:5 | Killed an ancient lich
 44995 | Vaults:5 | Reached skill level 7 in Evocations
 44995 | Vaults:5 | Reached XP level 25. HP: 257/257 MP: 22/22
 45026 | Vaults:5 | Found Pylec's Distillery.
 45031 | Vaults:5 | Bought a potion of curing for 63 gold pieces
 45031 | Vaults:5 | Bought a potion of curing for 63 gold pieces
 45031 | Vaults:5 | Bought a potion of curing for 63 gold pieces
 45031 | Vaults:5 | Bought a potion of heal wounds for 105 gold pieces
 45031 | Vaults:5 | Bought a potion of might for 84 gold pieces
 45031 | Vaults:5 | Bought a potion of might for 84 gold pieces
 45031 | Vaults:5 | Bought a potion of invisibility for 168 gold pieces
 45038 | Vaults:5 | Found Taush's Distillery.
 45073 | Vaults:5 | Bought a potion of curing for 69 gold pieces
 45073 | Vaults:5 | Bought a potion of curing for 69 gold pieces
 45073 | Vaults:5 | Bought a potion of curing for 69 gold pieces
 45073 | Vaults:5 | Bought a potion of haste for 230 gold pieces
 45073 | Vaults:5 | Bought a potion of might for 92 gold pieces
 45073 | Vaults:5 | Bought a potion of mutation for 184 gold pieces
 45080 | Vaults:5 | Found Tuup's Magic Scroll Shop.
 45085 | Vaults:5 | Bought a scroll of magic mapping for 142 gold pieces
 45085 | Vaults:5 | Bought a scroll of magic mapping for 142 gold pieces
 45111 | Vaults:5 | Found Bixil's Magic Scroll Boutique.
 45126 | Vaults:5 | Reached skill level 8 in Evocations
 45132 | Vaults:5 | Found Beutaerr's Magic Scroll Boutique.
 45132 | Vaults:5 | Found Jazirope's Magic Scroll Emporium.
 45137 | Vaults:5 | Bought a scroll of fear for 56 gold pieces
 45187 | Vaults:5 | Found Vualej's General Store.
 45191 | Vaults:5 | Bought a scroll of enchant weapon for 105 gold pieces
 45191 | Vaults:5 | Bought a potion of curing for 42 gold pieces
 45196 | Vaults:5 | Found Ecozuq's Jewellery Boutique.
 45241 | Vaults:5 | Noticed a dread lich
 45246 | Vaults:5 | Identified +0 gold dragon scales
 45254 | Vaults:5 | Killed a dread lich
 45255 | Vaults:5 | Reached skill level 9 in Evocations
 45256 | Vaults:5 | Received a gift from Trog
 45259 | Vaults:5 | +0 gold dragon scales {rare}; a golden dragon corpse
 45281 | Vaults:5 | +0 gold dragon scales {rare}; a golden dragon corpse
 45718 | Vaults:5 | Reached skill level 10 in Evocations
 45738 | Vaults:5 | Found Nuech's Assorted Antiques.
 45888 | Vaults:5 | Found Leahos Vee's General Store.
 45894 | Vaults:5 | Bought a potion of curing for 48 gold pieces
 45903 | Vaults:5 | Found Otaobbat's Distillery.
 45907 | Vaults:5 | Got a silver rune of Zot
 45912 | Vaults:5 | Bought a potion of might for 84 gold pieces
 45912 | Vaults:5 | Bought a potion of curing for 63 gold pieces
 46429 | Zot:1    | Entered Level 1 of the Realm of Zot
 46514 | Zot:1    | You add the spell Simulacrum to your library.
 46514 | Zot:1    | Got the Information on Liminal Despicable Spells
                  | {forbidden}
 46609 | Zot:1    | Reached skill level 11 in Evocations
 47237 | Zot:2    | Reached skill level 12 in Evocations
 47244 | Zot:2    | Noticed an orb of fire
 47249 | Zot:2    | Noticed a curse toe
 47250 | Zot:2    | Gained mutation: Your spells are easier to cast, but less
                  | powerful. [an orb of fire]
 47257 | Zot:2    | Gained mutation: You have large cloven feet. [an orb of
                  | fire]
 47260 | Zot:2    | Killed an orb of fire
 47262 | Zot:2    | Killed a curse toe
 47272 | Zot:2    | +0 storm dragon scales {rare}; a storm dragon corpse
 47293 | Zot:2    | Found a transporter.
 47386 | Zot:2    | Reached skill level 13 in Evocations
 47406 | Zot:2    | Received a gift from Trog
 47627 | Zot:2    | Found a transporter.
 47791 | Zot:2    | Noticed an orb of fire
 47793 | Zot:2    | Noticed a curse toe
 47795 | Zot:2    | Noticed a dread lich
 47796 | Zot:2    | Noticed a curse toe
 47816 | Zot:2    | Gained mutation: You are dopey. (Int -2) [an orb of fire]
 47818 | Zot:2    | Killed an orb of fire
 47829 | Zot:2    | Killed a curse toe
 47832 | Zot:2    | Killed a dread lich
 47839 | Zot:2    | Reached skill level 14 in Evocations
 47840 | Zot:2    | Killed a curse toe
 47846 | Zot:2    | quicksilver dragon scales {rare}; a storm dragon corpse; a
                  | quicksilver dragon corpse
 47900 | Zot:2    | Identified the ring "Xaurimi" {rElec rF++ Str-4 Dex+6 SInv}
 47904 | Zot:2    | Identified the +1 hat of Noon {+Inv rElec Int-4}
 47916 | Zot:2    | Identified the +5 war axe of Wyrd {antimagic, Str-2 Dex+4}
 47936 | Zot:2    | Identified the ring of Erutouw {Contam rPois Will+ rCorr
                  | Dex+3}
 47950 | Zot:2    | Identified the ring of Gairu {rCorr Slay+2 SInv}
 47959 | Zot:2    | Lost mutation: You are dopey. (Int -2) [potion of mutation]
 47959 | Zot:2    | Lost mutation: Your spells are easier to cast, but less
                  | powerful. [potion of mutation]
 47959 | Zot:2    | Lost mutation: You have large cloven feet. [potion of
                  | mutation]
 47959 | Zot:2    | Gained mutation: You are frail. (-10% HP) [potion of
                  | mutation]
 47960 | Zot:2    | Lost mutation: You are frail. (-10% HP) [potion of
                  | mutation]
 47960 | Zot:2    | Lost mutation: You have a somewhat thin skeletal structure.
                  | (Dex +2, Stealth+) [potion of mutation]
 47960 | Zot:2    | Gained mutation: You have sharp toenails. [potion of
                  | mutation]
 47960 | Zot:2    | Gained mutation: You are strong-willed. (Will+) [potion of
                  | mutation]
 47960 | Zot:2    | Gained mutation: You passively dampen the noise of your
                  | surroundings. [potion of mutation]
 48126 | Zot:3    | Reached skill level 17 in Shields
 48185 | Zot:3    | Noticed an orb of fire
 48185 | Zot:3    | Noticed an orb of fire
 48186 | Zot:3    | Noticed an orb of fire
 48189 | Zot:3    | Gained mutation: You are frail. (-10% HP) [an orb of fire]
 48190 | Zot:3    | Gained mutation: Your magical capacity is low. (-10% MP)
                  | [an orb of fire]
 48191 | Zot:3    | Gained mutation: You are weak. (Str -2) [an orb of fire]
 48193 | Zot:3    | Gained mutation: You occasionally shout uncontrollably at
                  | your foes. [an orb of fire]
 48194 | Zot:3    | Gained mutation: You have hidden genetic defects. [an orb
                  | of fire]
 48195 | Zot:3    | Gained mutation: Your body sometimes deteriorates upon
                  | taking damage. [an orb of fire]
 48197 | Zot:3    | Gained mutation: Potions are less effective at restoring
                  | your health. [an orb of fire]
 48198 | Zot:3    | Gained mutation: You are dopey. (Int -2) [an orb of fire]
 48200 | Zot:3    | Gained mutation: You are very dopey. (Int -4) [an orb of
                  | fire]
 48201 | Zot:3    | Killed an orb of fire
 48203 | Zot:3    | Gained mutation: Your body often deteriorates upon taking
                  | damage. [an orb of fire]
 48204 | Zot:3    | Killed an orb of fire
 48206 | Zot:3    | Killed an orb of fire
 48207 | Zot:3    | Reached XP level 26. HP: 239/239 MP: 19/19
 48266 | Zot:3    | +0 shadow dragon scales {rare}; a shadow dragon corpse
 49082 | Zot:4    | Reached skill level 18 in Shields
 49082 | Zot:4    | Reached skill level 15 in Evocations
 49104 | Zot:4    | Gained mutation: You are vulnerable to heat. (rF-) [hidden
                  | defects]
 49126 | Zot:4    | Received a gift from Trog
 49140 | Zot:4    | your +6 gold dragon scales {rare} glow green for a moment.
 49267 | Zot:4    | Noticed a curse toe
 49274 | Zot:4    | Killed a curse toe
 49535 | Zot:4    | Lost mutation: You are frail. (-10% HP) [potion of
                  | mutation]
 49535 | Zot:4    | Lost mutation: Your spells are a little easier to cast, but
                  | a little less powerful. [potion of mutation]
 49535 | Zot:4    | Lost mutation: You occasionally shout uncontrollably at
                  | your foes. [potion of mutation]
 49535 | Zot:4    | Lost mutation: Your magical capacity is low. (-10% MP)
                  | [potion of mutation]
 49537 | Zot:5    | Entered Level 5 of the Realm of Zot
 49541 | Zot:4    | Lost mutation: You have hidden genetic defects. [potion of
                  | mutation]
 49541 | Zot:4    | Lost mutation: You are weak. (Str -2) [potion of mutation]
 49542 | Zot:4    | Lost mutation: You are vulnerable to heat. (rF-) [potion of
                  | mutation]
 49542 | Zot:4    | Lost mutation: You have sharp toenails. [potion of
                  | mutation]
 49542 | Zot:4    | Lost mutation: You are very dopey. (Int -4) [potion of
                  | mutation]
 49542 | Zot:4    | Lost mutation: You passively dampen the noise of your
                  | surroundings. [potion of mutation]
 49542 | Zot:4    | Gained mutation: You are robust. (+10% HP) [potion of
                  | mutation]
 49543 | Zot:4    | Lost mutation: Your body often deteriorates upon taking
                  | damage. [potion of mutation]
 49543 | Zot:4    | Lost mutation: Your body sometimes deteriorates upon taking
                  | damage. [potion of mutation]
 49543 | Zot:4    | Lost mutation: You are robust. (+10% HP) [potion of
                  | mutation]
 49544 | Zot:4    | Lost mutation: You are strong-willed. (Will+) [potion of
                  | mutation]
 49544 | Zot:4    | Lost mutation: You are dopey. (Int -2) [potion of mutation]
 49544 | Zot:4    | Lost mutation: Potions are less effective at restoring your
                  | health. [potion of mutation]
 49544 | Zot:4    | Gained mutation: You have a pair of large horns on your
                  | head. [potion of mutation]
 49544 | Zot:4    | Gained mutation: You sometimes lose your temper in combat.
                  | [potion of mutation]
 49544 | Zot:4    | Gained mutation: You are strong-willed. (Will+) [potion of
                  | mutation]
 49545 | Zot:4    | Lost mutation: You are strong-willed. (Will+) [potion of
                  | mutation]
 49545 | Zot:4    | Lost mutation: You sometimes lose your temper in combat.
                  | [potion of mutation]
 49545 | Zot:4    | Gained mutation: You are clumsy. (Dex -2) [potion of
                  | mutation]
 49545 | Zot:4    | Gained mutation: You occasionally lose the ability to drink
                  | potions when taking damage. [potion of mutation]
 49546 | Zot:4    | Lost mutation: You have a pair of large horns on your head.
                  | [potion of mutation]
 49546 | Zot:4    | Lost mutation: You occasionally lose the ability to drink
                  | potions when taking damage. [potion of mutation]
 49546 | Zot:4    | Lost mutation: You are clumsy. (Dex -2) [potion of
                  | mutation]
 49546 | Zot:4    | Gained mutation: You have a pair of large horns on your
                  | head. [potion of mutation]
 49546 | Zot:4    | Gained mutation: You are agile. (Dex +4, Str/Int -1)
                  | [potion of mutation]
 49658 | Depths:4 | Bought the ring of Veadi {rElec rPois Will+ rCorr Int+2}
                  | for 960 gold pieces
 49952 | Zot:5    | Reached skill level 19 in Shields
 49955 | Zot:5    | You add the spells Animate Dead, Haunt and Infestation to
                  | your library.
 50039 | Zot:5    | Noticed an orb of fire
 50057 | Zot:5    | Gained mutation: You occasionally lose the ability to drink
                  | potions when taking damage. [an orb of fire]
 50059 | Zot:5    | Killed an orb of fire
 50063 | Zot:5    | Noticed a dread lich
 50064 | Zot:5    | Reached skill level 16 in Evocations
 50068 | Zot:5    | Killed a dread lich
 50170 | Zot:5    | +0 shadow dragon scales {rare}; a shadow dragon corpse
 50370 | Zot:5    | Noticed an electric golem
 50370 | Zot:5    | Noticed an ancient lich
 50370 | Zot:5    | Noticed an orb of fire
 50388 | Zot:5    | Lost mutation: You are agile. (Dex +4, Str/Int -1) [an orb
                  | of fire]
 50392 | Zot:5    | Killed an orb of fire
 50393 | Zot:5    | Killed an ancient lich
 50393 | Zot:5    | Received a gift from Trog
 50394 | Zot:5    | Reached skill level 20 in Shields
 50398 | Zot:5    | Killed an electric golem
 50429 | Zot:5    | +0 storm dragon scales {rare}; a storm dragon corpse
 50434 | Zot:5    | Identified +0 gold dragon scales
 50512 | Zot:5    | You add the spell Shatter to your library.
 50512 | Zot:5    | Got the Tome of Telluric Adjuration {forbidden}
 50545 | Zot:5    | Reached skill level 17 in Evocations
 50573 | Zot:5    | Noticed an electric golem
 50576 | Zot:5    | Noticed an ancient lich
 50591 | Zot:5    | Killed an ancient lich
 50594 | Zot:5    | Killed an electric golem
 50622 | Zot:5    | Reached skill level 21 in Shields
 50622 | Zot:5    | Reached XP level 27. HP: 273/273 MP: 22/22
 50635 | Zot:5    | Got the Orb of Zot
 50664 | Zot:5    | +0 shadow dragon scales {rare}; a shadow dragon skeleton
 50761 | Zot:2    | Noticed Moyneuje the pandemonium lord
 50776 | Zot:1    | Killed Moyneuje the pandemonium lord
 51077 | D:11     | Identified +1 pearl dragon scales
 51077 | D:11     | Noticed a seraph
 51189 | D:6      | Noticed Haodemam the pandemonium lord
 51318 | D:$      | Escaped with the Orb!

Vanquished Creatures
  4 dread liches
  3 ancient liches
  7 orbs of fire
  2 juggernauts (Depths:2)
  7 Killer Klowns
  Saint Roka (Orc:2)
  2 caustic shrikes
  5 curse toes
  16 golden dragons
  Nikola (Shoals:1)
  A profane servitor (D:10)
  3 bone dragons
  the Enchantress (Depths:3)
  18 tentacled monstrosities
  Zenata (Crypt:1)
  2 electric golems (Zot:5)
  10 liches
  2 walking crystal tomes (Depths:2)
  A Hell Sentinel (Depths:4)
  23 Orb Guardians
  A deep elf master archer (Elf:3)
  Asterion (Elf:2)
  14 quicksilver dragons
  The ghost of Vorhees the Bludgeoner, an adept AtAr of Okawaru (Spider:4)
  8 titans
  Polyphemus (Shoals:3)
  8 death cobs
  9 ancient champions
  A kraken (Shoals:4)
  6 sphinxes
  An Executioner (D:6)
  14 tengu reavers
  13 shadow dragons
  16 storm dragons
  Kirke (D:12)
  3 revenants
  Roxanne (Shoals:3)
  Ilsuiw (Shoals:3)
  6 draconian monks
  An azure jelly (shapeshifter) (Vaults:5)
  14 vault wardens
  2 draconian knights
  2 emperor scorpions (Spider:3)
  6 ghost moths
  14 frost giants
  12 fire giants
  A balrug (Depths:4)
  5 draconian scorchers
  6 deep elf sorcerers
  4 deep elf elementalists (Elf:3)
  4 curse skulls
  Louise (Spider:1)
  3 orc warlords
  A draconian annihilator (Zot:2)
  12 ghouls
  11 ironbound preservers
  2 draconian stormcallers
  3 draconian shifters
  19 stone giants
  A broodmother (shapeshifter) (Vaults:5)
  9 spriggan defenders
  2 reapers
  2 broodmothers
  3 cacodemons (Zot:2)
  7 vampire knights
  37 very ugly things
  2 ironbound thunderhulks
  5 caustic shrike skeletons (Crypt:3)
  12 green draconians
  7 deep elf annihilators
  4 white draconians
  4 deep elf demonologists
  7 purple draconians
  2 eleionomae (Shoals:2)
  8 yellow draconians
  5 dire elephants
  A minotaur (Gauntlet)
  15 spark wasps
  8 red draconians
  6 black draconians
  3 eidola
  3 green deaths
  Snorg (D:13)
  11 ettins
  9 merfolk impalers
  12 deep elf death magi
  6 entropy weavers
  7 merfolk javelineers
  5 deep elf high priests
  10 fire dragons
  11 yaktaur captains
  13 jiangshi
  5 spriggan air magi
  Erolcha (D:9)
  6 great orbs of eyes
  5 rakshasas
  35 vault guards
  2 hydras (shapeshifter)
  9 ice dragons
  6 spriggan skeletons (Crypt:3)
  5 catoblepae
  5 radroaches
  11 centaur warriors
  3 hydras
  2 merfolk avatars
  2 death knights
  9 boulder beetles
  3 ogre magi (D:15)
  7 deep troll shamans
  Erica (Orc:1)
  13 ironbound frosthearts
  4 satyrs
  16 two-headed ogres
  7 merfolk aquamancers
  2 alligator snapping turtles
  8 tengu warriors
  18 dancing weapons
  9 vampire magi
  5 thrashing horrors (Abyss:3)
  5 deep troll earth magi
  A naga warrior (Abyss:3)
  4 spriggan berserkers
  6 death yaks
  3 titan skeletons (Crypt:3)
  Urug (Lair:3)
  A titan zombie (Crypt:2)
  2 soul eaters
  An emperor scorpion zombie (Crypt:3)
  19 deep elf knights
  6 hell knights
  3 orc high priests (Elf:1)
  A fire crab (shapeshifter) (D:15)
  2 sun demons
  4 iron trolls
  Amaemon (Lair:2)
  4 skysharks
  3 large abominations
  4 pharaoh ants
  2 shadow wraiths
  2 sun moths
  41 skeletal warriors
  13 sea snakes
  4 flayed ghosts
  2 bog bodies (Crypt:2)
  A glowing orange brain (shapeshifter) (Depths:2)
  3 orb spiders
  27 deep trolls
  An anaconda skeleton (Crypt:3)
  18 slime creatures
  A swamp dragon (shapeshifter) (D:14)
  10 deep elf archers
  3 glowing orange brains
  2 shadow demons
  10 ironbound convokers
  A golden dragon skeleton (Crypt:3)
  9 wizards
  Pikel (D:6)
  A bunyip skeleton (Crypt:3)
  10 phantasmal warriors
  9 lindwurms
  A tengu zombie (Vaults:5)
  An iron giant skeleton (Crypt:3)
  41 deep elf pyromancers
  6 necromancers
  9 orc knights
  20 harpies
  32 deep elf zephyrmancers
  19 wolf spiders
  10 steelbarb worms
  29 ugly things
  A frost giant zombie (Crypt:3)
  15 fauns
  5 cyclopes
  A cyclops (shapeshifter) (Depths:4)
  33 moths of wrath
  An oklob plant (Shoals:4)
  3 orc sorcerers
  16 manticores
  21 elephants
  11 merfolk sirens
  15 vault sentinels
  An eleionoma skeleton (Crypt:3)
  A guardian serpent (Abyss:3)
  A titan simulacrum (Vaults:5)
  A frost giant skeleton (Crypt:1)
  A stone giant skeleton (Crypt:3)
  8 black mambas
  8 water nymphs
  An apocalypse crab (Gauntlet)
  Joseph (D:8)
  A black mamba (shapeshifter) (Vaults:5)
  3 gargoyles
  9 demonic crawlers
  3 orange demons
  6 smoke demons
  A minotaur zombie (Gauntlet)
  6 torpor snails
  A white draconian zombie (Crypt:2)
  2 centaur skeletons (Crypt:3)
  A purple draconian zombie (Crypt:2)
  4 rime drakes
  An unseen horror (Depths:3)
  A torpor snail (shapeshifter) (Vaults:5)
  2 yaktaurs (shapeshifter) (Depths:2)
  22 yaktaurs
  A hellion (Abyss:3)
  5 cane toads
  A bunyip simulacrum (Crypt:3)
  A grey draconian zombie (Crypt:1)
  5 freezing wraiths
  4 komodo dragons
  An efreet (D:14)
  4 tengu conjurers
  A death yak skeleton (Crypt:1)
  An ice devil (Abyss:3)
  A red devil (Depths:2)
  8 trolls
  A sea snake skeleton (Crypt:1)
  An ancient zyme (Abyss:3)
  A queen bee (D:12)
  An iron troll skeleton (Crypt:1)
  7 starcursed masses (Abyss:3)
  2 polar bears
  A tarantella (shapeshifter) (Depths:3)
  25 tarantellas
  13 meliai
  5 wind drakes
  A hellwing (D:15)
  2 raiju (Abyss:3)
  A troll (shapeshifter) (D:13)
  38 merfolk
  Prince Ribbit (D:7)
  13 hornets
  3 dream sheep (Shoals:4)
  29 blink frogs
  11 snapping turtles
  3 harpy skeletons (Crypt:3)
  A snapping turtle (shapeshifter) (Elf:3)
  A jumping spider zombie (Crypt:3)
  13 culicivoras
  A stone giant simulacrum (Crypt:3)
  Sigmund (D:2)
  An alligator skeleton (Crypt:1)
  A centaur simulacrum (D:13)
  20 jumping spiders
  3 wyverns
  4 spriggans (Depths:3)
  5 shadows
  2 air elementals (Elf:2)
  An ettin skeleton (Crypt:3)
  7 wraiths
  14 water elementals
  A fire dragon skeleton (Crypt:3)
  A basilisk (D:15)
  5 vampires (D:13)
  3 hogs (D:12)
  47 yaks
  A black mamba skeleton (Crypt:3)
  A fire elemental (Elf:3)
  A steam dragon (shapeshifter) (Vaults:5)
  A steam dragon (Lair:2)
  A yaktaur simulacrum (Vaults:5)
  9 vampire mosquitoes
  5 chaos spawn
  3 neqoxecs
  42 redbacks
  A warg (Orc:1)
  4 nagas (Abyss:3)
  Duvessa (D:6)
  5 acid dragons
  15 water moccasins
  A naga skeleton (Crypt:3)
  A floating eye (shapeshifter) (Elf:1)
  A deep troll skeleton (Crypt:2)
  A black bear (Lair:4)
  35 orc warriors
  2 sky beasts
  A dream sheep zombie (Crypt:3)
  A manticore zombie (Crypt:2)
  A human skeleton (Vaults:5)
  13 wolves
  6 boggarts
  20 centaurs
  18 ogres
  A rime drake zombie (Crypt:3)
  A swamp dragon skeleton (Crypt:3)
  4 lemures (D:6)
  2 human zombies (Vaults:5)
  13 kobold brigands
  3 phantoms
  A manticore skeleton (Crypt:2)
  A bullfrog (shapeshifter) (Vaults:5)
  3 necrophages
  A small abomination (Depths:3)
  Blork the orc (D:6)
  A rime drake skeleton (Crypt:3)
  2 gnoll sergeants (D:10)
  10 bullfrogs
  6 scorpions
  An earth elemental (Elf:3)
  22 wights
  Dowan (D:6)
  A shapeshifter zombie (Crypt:3)
  15 killer bees
  6 howler monkeys
  A yak skeleton (Crypt:2)
  A crimson imp (D:5)
  A quasit (Abyss:3)
  12 orc priests
  3 jellies
  A gnoll bouda (D:9)
  3 hounds
  5 iguanas
  A sleepcap (D:7)
  Ijyb (D:3)
  Natasha (D:3)
  15 orc wizards
  8 hell rats
  12 gnolls
  A river rat (Sewer)
  10 adders
  A shadow imp (D:6)
  An adder zombie (Crypt:2)
  7 worms
  8 dart slugs
  61 orcs
  8 bats
  11 endoplasms
  4 giant cockroaches
  8 goblins
  9 hobgoblins
  4 jackals
  5 quokkas
  7 ball pythons
  27 kobolds
  A kobold zombie (Crypt:2)
  15 rats
  A ball lightning (D:6)
  A tentacle (Shoals:4)
2260 creatures vanquished.

Vanquished Creatures (collateral kills)
  A pandemonium lord (Zot:1)
  A juggernaut (Depths:3)
  A bone dragon (Abyss:3)
  A deep elf blademaster (Elf:3)
  A deep elf master archer (Elf:3)
  Donald (Spider:1)
  A storm dragon (Zot:2)
  An emperor scorpion (Spider:3)
  2 fire giants (Depths:3)
  2 deep elf elementalists (Elf:3)
  2 stone giants (Depths:3)
  2 deep elf demonologists (Elf:3)
  A white draconian (Zot:5)
  A yellow draconian (Zot:5)
  The ghost of Leinaam the Severer, a journeyman MiBe of Trog (D:13)
  An ettin (D:13)
  A merfolk avatar (Shoals:4)
  4 death yaks (Lair:5)
  A deep troll earth mage (Depths:3)
  2 dancing weapons (Elf:2)
  3 deep elf knights
  A spriggan berserker (Depths:3)
  5 thrashing horrors (Abyss:3)
  A goliath frog (Depths:3)
  2 orb spiders (Spider:3)
  4 deep elf archers (Elf:2)
  5 deep elf zephyrmancers (Elf:2)
  An orc knight (D:13)
  3 deep elf pyromancers (Elf:2)
  A manticore (Lair:5)
  3 wolf spiders (Spider:3)
  A demonic crawler (Spider:1)
  A tormentor (Zot:1)
  A raiju (Abyss:3)
  A centaur simulacrum (D:13)
  2 culicivoras (Spider:3)
  A vampire (D:13)
  7 yaks (Lair:5)
  2 redbacks (Spider:3)
  A small abomination (Abyss:3)
  8 orc warriors (Orc:2)
  A centaur (Orc:2)
  A queen bee zombie (Crypt:3)
  An orc priest (Orc:2)
  2 orc wizards (Orc:2)
  3 orcs (Orc:2)
90 creatures vanquished.

Vanquished Creatures (others)
  Frederick (Vaults:5)
  A lich (D:6)
  A deep elf blademaster (Elf:3)
  A fire giant (Depths:2)
  A draconian scorcher (Zot:4)
  A merfolk aquamancer (Shoals:4)
  A centaur warrior (D:15)
  A deep elf knight (Elf:2)
  A deep elf archer (Elf:2)
  2 deep elf zephyrmancers
  A wind drake (Shoals:4)
  An orc (Orc:2)
  6 ball lightnings (D:6)
  A demonic plant (Gauntlet)
  56 fungi
  129 plants
  7 spectral weapons
  3 tentacles (Shoals:4)
215 creatures vanquished.

Grand Total: 2565 creatures vanquished

Table legend:
 A = Non-vault XP
 B = Vault XP
 C = Vault XP percentage of total XP
 D = Non-vault monster count
 E = Vault monster count
 F = Vault count percentage of total count
                 A         B        C        D         E       F
            +---------+---------+-------+---------+---------+-------
      Total |  774094 |  732590 |  48.6 |    1472 |     864 |  37.0
            +---------+---------+-------+---------+---------+-------
        D:1 |      56 |       0 |   0.0 |      19 |       0 |   0.0
        D:2 |      49 |     231 |  82.5 |      24 |       1 |   4.0
        D:3 |     144 |      82 |  36.3 |      26 |       7 |  21.2
        D:4 |     322 |       0 |   0.0 |      22 |       0 |   0.0
        D:5 |     927 |      63 |   6.4 |      27 |       2 |   6.9
        D:6 |     640 |     951 |  59.8 |      18 |       4 |  18.2
        D:7 |    1191 |     268 |  18.4 |      22 |       1 |   4.3
        D:8 |    1444 |     434 |  23.1 |      28 |       1 |   3.4
        D:9 |    2040 |    2563 |  55.7 |      28 |      12 |  30.0
       D:10 |    2414 |    1855 |  43.5 |      14 |      20 |  58.8
       D:11 |    8577 |       0 |   0.0 |      25 |       0 |   0.0
       D:12 |    3976 |    2841 |  41.7 |      10 |      18 |  64.3
       D:13 |    6893 |   10364 |  60.1 |      16 |      17 |  51.5
       D:14 |    6522 |    4127 |  38.8 |      15 |       8 |  34.8
       D:15 |   16358 |    1759 |   9.7 |      29 |       2 |   6.5
     Lair:1 |    5726 |       0 |   0.0 |      33 |       0 |   0.0
     Lair:2 |   12777 |    1668 |  11.5 |      47 |       6 |  11.3
     Lair:3 |    6133 |     784 |  11.3 |      25 |       1 |   3.8
     Lair:4 |    3444 |       0 |   0.0 |      12 |       0 |   0.0
     Lair:5 |   12399 |   12099 |  49.4 |      31 |      23 |  42.6
   Shoals:1 |   22290 |    8090 |  26.6 |      45 |      10 |  18.2
   Shoals:2 |    6217 |   11139 |  64.2 |      14 |      22 |  61.1
   Shoals:3 |   13977 |   13486 |  49.1 |      33 |      15 |  31.2
   Shoals:4 |   14752 |   17334 |  54.0 |      31 |      29 |  48.3
   Spider:1 |   16479 |    2560 |  13.4 |      45 |       2 |   4.3
   Spider:2 |   13116 |       0 |   0.0 |      32 |       0 |   0.0
   Spider:3 |   19583 |   11280 |  36.5 |      46 |      25 |  35.2
   Spider:4 |   22701 |   13706 |  37.6 |      55 |      19 |  25.7
      Orc:1 |    3499 |     836 |  19.3 |      31 |       1 |   3.1
      Orc:2 |    1000 |    9136 |  90.1 |      19 |      52 |  73.2
      Elf:1 |   23956 |    8029 |  25.1 |      36 |      13 |  26.5
      Elf:2 |   21611 |   26362 |  55.0 |      37 |      36 |  49.3
      Elf:3 |   23751 |   31525 |  57.0 |      39 |      29 |  42.6
   Vaults:1 |   25759 |   27830 |  51.9 |      31 |      35 |  53.0
   Vaults:2 |   24860 |    3031 |  10.9 |      36 |       5 |  12.2
   Vaults:3 |   23353 |   14432 |  38.2 |      35 |      19 |  35.2
   Vaults:4 |   13687 |   21240 |  60.8 |      17 |      27 |  61.4
   Vaults:5 |   17279 |  114624 |  86.9 |      22 |      98 |  81.7
    Crypt:1 |   24177 |    1856 |   7.1 |      30 |       1 |   3.2
    Crypt:2 |   33159 |       0 |   0.0 |      46 |       0 |   0.0
    Crypt:3 |   27871 |   47065 |  62.8 |      42 |      58 |  58.0
   Depths:1 |   21433 |    6771 |  24.0 |      26 |       7 |  21.2
   Depths:2 |   39623 |   89646 |  69.3 |      42 |      78 |  65.0
   Depths:3 |   10330 |   47798 |  82.2 |      13 |      54 |  80.6
   Depths:4 |   35242 |   15139 |  30.0 |      32 |      13 |  28.9
      Zot:1 |   18837 |    8963 |  32.2 |      15 |       8 |  34.8
      Zot:2 |   40086 |   36769 |  47.8 |      30 |      24 |  44.4
      Zot:3 |   23424 |   13807 |  37.1 |      20 |       3 |  13.0
      Zot:4 |   35501 |    1923 |   5.1 |      26 |       2 |   7.1
      Zot:5 |   43318 |   84794 |  66.2 |      35 |      37 |  51.4
    Abyss:3 |   21191 |       0 |   0.0 |      40 |       0 |   0.0
      Sewer |       0 |     227 | 100.0 |       0 |      14 | 100.0
   Gauntlet |       0 |    3103 | 100.0 |       0 |       5 | 100.0
            +---------+---------+-------+---------+---------+-------

Skill      XL: |  1  2  3  4  5  6  7  8  9 10 11 12 13 14 15 16 17 18 19 20 21 22 23 24 25 26 |
---------------+-------------------------------------------------------------------------------+-----
Fighting       | 4 5 6 7 9 10 12 13 14 15 17 18 19 20 21 23 24 25 27 | 27.0
Axes           | 4 5 6 8 9 10 12 13 14 15 16 17 18 | 18.0
Armour         | 3 4 5 6 7 9 10 11 13 14 15 17 18 19 20 21 22 23 24 26 27 | 27.0
Dodging        | 3 4 5 6 8 9 10 12 13 14 16 18 19 20 21 22 23 24 25 27 | 27.0
Shields        | 4 7 9 11 13 14 16 17 21 | 21.5
Throwing       | 2 7 11 15 16 | 16.0
Evocations     | 7 14 17 | 17.7

Action                     |  1- 3 |  4- 6 |  7- 9 | 10-12 | 13-15 | 16-18 | 19-21 | 22-24 | 25-27 || total
---------------------------+-------+-------+-------+-------+-------+-------+-------+-------+-------++-------
  Melee: Hand axe          |    70 |   115 |    98 |       |       |       |       |       |       ||   283
         Headbutt          |     5 |    25 |    39 |    56 |   215 |   428 |   340 |   366 |   209 ||  1683
         Punch             |     1 |     2 |     4 |       |       |       |       |       |       ||     7
         War axe           |       |       |    89 |       |       |       |       |       |       ||    89
         Broad axe         |       |       |    43 |   332 |   818 |  1552 |  1300 |  1151 |   728 ||  5924
         Demon whip        |       |       |       |       |    16 |       |       |       |       ||    16
  Throw: Javelin           |       |       |       |       |       |       |       |     4 |       ||     4
 Invoke: Berserk           |     2 |     1 |     5 |     4 |     4 |     6 |     5 |     3 |     3 ||    33
         Trog's Hand       |     1 |     1 |     4 |     5 |    10 |    13 |    18 |    11 |    15 ||    78
         Brothers in Arms  |       |       |       |       |     5 |     5 |     9 |     3 |     8 ||    30
  Evoke: Wand              |       |       |       |       |     3 |       |       |       |    10 ||    13
    Use: Scroll            |     2 |     4 |     7 |     4 |    17 |     2 |    14 |    14 |     5 ||    69
         Potion            |       |     1 |       |     1 |     7 |     8 |    11 |     4 |    22 ||    54
   Stab: Distracted        |       |       |     1 |     4 |     4 |       |     2 |     1 |     2 ||    14
         Petrified         |       |       |       |       |       |    12 |       |       |       ||    12
         Invisible         |       |       |       |       |       |       |       |       |     6 ||     6
 Armour: Ring mail         |    20 |     6 |       |       |       |       |       |       |       ||    26
         Animal skin       |     1 |       |       |       |       |       |       |       |       ||     1
         Scale mail        |       |    37 |    97 |       |       |       |       |       |       ||   134
         Plate armour      |       |       |    15 |   142 |   331 |   625 |       |       |       ||  1113
         Crystal plate arm |       |       |       |       |   231 |   493 |   485 |   323 |       ||  1532
         Gold dragon scale |       |       |       |       |       |       |       |   107 |   363 ||   470
  Dodge: Dodged            |    36 |    59 |   138 |   130 |   455 |   935 |   502 |   413 |   419 ||  3087
  Block: Kite shield       |       |       |       |    77 |   567 |  1023 |   467 |       |       ||  2134
         Tower shield      |       |       |       |       |       |       |   417 |  1317 |  1032 ||  2766
         Reflection        |       |       |       |       |       |       |    22 |    28 |    14 ||    64

Illustrated notes

Table legend:
 A = Kills in this place as a percentage of kills in the entire game.
 B = Kills by you in this place as a percentage of kills by you in the entire game.
 C = Kills by friends in this place as a percentage of kills by friends in the entire game.
 D = Other kills in this place as a percentage of other kills in the entire game.
 E = Experience gained in this place as a percentage of experience gained in the entire game.
 F = Experience gained in this place divided by the number of levels of this place that you have seen.
                   A       B       C       D       E      F
               +-------+-------+-------+-------+-------+----------------------
         Total | 100.0 | 100.0 | 100.0 | 100.0 | 100.0 | 28822.2
       Dungeon |  18.1 |  18.6 |   5.6 |  18.2 |   5.7 | 5833.5
          Lair |   7.6 |   7.4 |  13.3 |   0.0 |   3.6 | 11006.0
        Shoals |   8.5 |   8.7 |   1.1 |  18.2 |   7.0 | 26821.2
   Spider Nest |   9.5 |   9.4 |  13.3 |   0.0 |   6.5 | 24856.2
  Orcish Mines |   4.4 |   3.9 |  16.7 |   0.0 |   0.9 | 7235.5
   Elven Halls |   8.1 |   7.2 |  25.6 |  36.4 |   8.9 | 45078.0
        Vaults |  13.8 |  14.4 |   0.0 |   9.1 |  18.7 | 57219.0
         Crypt |   7.5 |   7.8 |   1.1 |   0.0 |   8.8 | 44709.3
        Depths |  11.4 |  11.5 |   8.9 |   9.1 |  17.7 | 67610.8
           Zot |   8.7 |   8.8 |   5.6 |   9.1 |  20.5 | 62689.0
         Abyss |   1.7 |   1.4 |   8.9 |   0.0 |   1.4 | 21191.0
         Sewer |   0.6 |   0.6 |   0.0 |   0.0 |   0.0 | 227.0
      Gauntlet |   0.2 |   0.2 |   0.0 |   0.0 |   0.2 | 3103.0
               +-------+-------+-------+-------+-------+----------------------

Table legend: (Time is in decaauts)
 A = Elapsed time spent in this place.
 B = Non-inter-level travel time spent in this place.
 C = Inter-level travel time spent in this place.
 D = Time resting spent in this place.
 E = Time spent auto-exploring this place.
 F = Levels seen in this place.
 G = Mean time per level.
                   A        B        C        D        E       F      G
               +--------+--------+--------+--------+--------+-----+--------+
         Total |  51223 |  46281 |   4942 |   1769 |  31547 |  53 |  966.5 |
       Dungeon |  13864 |  11924 |   1940 |    708 |   8632 |  15 |  924.3 |
          Lair |   4651 |   4297 |    354 |    128 |   3416 |   5 |  930.2 |
        Shoals |   4623 |   4392 |    231 |    165 |   3016 |   4 | 1155.8 |
   Spider Nest |   3359 |   3154 |    205 |    322 |   1735 |   4 |  839.8 |
  Orcish Mines |   1387 |   1242 |    145 |      0 |    951 |   2 |  693.5 |
   Elven Halls |   3793 |   3524 |    269 |    188 |   2050 |   3 | 1264.3 |
        Vaults |   6007 |   5333 |    674 |      0 |   4214 |   5 | 1201.4 |
         Crypt |   3361 |   3213 |    148 |     31 |   1726 |   3 | 1120.3 |
        Depths |   4809 |   4199 |    610 |     45 |   2800 |   4 | 1202.2 |
           Zot |   4379 |   4016 |    363 |      4 |   2640 |   5 |  875.8 |
         Abyss |    213 |    213 |      0 |      0 |      0 |   1 |  213.0 |
         Sewer |    353 |    353 |      0 |    176 |    117 |   1 |  353.0 |
      Gauntlet |    419 |    419 |      0 |      0 |    248 |   1 |  419.0 |
               +--------+--------+--------+--------+--------+-----+--------+

Top non-repeatable levels by time:
Depths:2: 1918 daAuts
    D:13: 1845 daAuts
 Crypt:3: 1751 daAuts
Vaults:2: 1534 daAuts
   Elf:3: 1428 daAuts
Vaults:5: 1349 daAuts
   Elf:2: 1316 daAuts
Shoals:4: 1274 daAuts
  Lair:5: 1236 daAuts
Shoals:3: 1223 daAuts
Shoals:1: 1203 daAuts
    D:14: 1190 daAuts
Vaults:1: 1156 daAuts
Depths:4: 1132 daAuts
    D:15: 1120 daAuts
